Workbook
Name PRINT_AREA_MI: #N/A
Name PRINT_AREA_MI: #N/A
Name Print_Area1: #N/A
Name PRINT_TITLES_MI: #N/A
Name PRINT_TITLES_MI: #N/A
Name Print_Titles1: #N/A

Sheet LISTA DE OFERENTES
A1: FONDO DE DESARROLLO LOCAL DE KENNEDY
A2: FDLK-CMA-003-2025
A3: No. | B3: NOMBRE OFERENTE | C3: REPRESENTANTE LEGAL | D3: TIPO DE OFERENTE | E3: CONSORCIADO 1 | F3: CONSORCIADO 2 | G3: CONSORCIADO 3 | H3: CONSORCIADO 4
A4: 1 | B4: CONSORCIO INGESCOR R 8 | C4: AURA ELENA LÓPEZ MENDOZA | D4: CONSORCIO | E4: INGESCOR LTDA - 90% | F4: JUAN CARLOS RÍOS URUETA - 10%
A5: 2 | B5: CONSORCIO INTER 3A | C5: RICAUTE ALVAREZ PARRADO | D5: CONSORCIO | E5: ARCELIA ARIAS DIAZ - 35% | F5: NORTON FERNANDO ARENAS PRADA - 10% | G5: MCPP INGENIERIA SAS - 55%
A6: 3 | B6: GRUPO METRO COLOMBIA SAS | C6: OSCAR ALFREDO MONTOYA CASTRO | D6: EMPRESA | E6: GRUPO METRO COLOMBIA SAS - 100%
A7: 4 | B7: CONSORCIO ECOS KENNEDY 003 | C7: MAURICIO GOMEZ CAICEDO | D7: CONSORCIO | E7: ESTRUCTURADOR COLOMBIA SAS - 50% | F7: ECOSENDA SAS - 50%
A8: 5 | B8: COMPAÑÍA DE PROYECTOS TECNICOS CPT S.A | C8: JORGE ENRIQUE ALFARO DE LOS RIOS | D8: EMPRESA | E8: COMPAÑÍA DE PROYECTOS TECNICOS CPT S.A - 100%
A9: 6 | B9: CONSORCIO INTERMALLA VIAL LK | C9: JULIÁN PASTOR VALBUENA LÓPEZ | D9: CONSORCIO | E9: ECG INGENIERÍA SAS - 50% | F9: INGENIERIA Y CONSULTORIA INGECON SAS - 50%
A10: 7 | B10: SADING GROUP S.A.S | C10: JUAN CARLOS REYES VANEGAS | D10: EMPRESA | E10: SADING GROUP S.A.S - 100%
A11: 8 | B11: CONSORCIO INTERKENNEDY AI | C11: DANIEL ARMANDO SILVA ROZO | D11: CONSORCIO | E11: AIRTIFICIAL CW INFRASTRUCTURES COLOMBIA S.A.S. - 90% | F11: INNOBRAS LTD - 10%
A12: 9 | B12: CONSORCIO KENNEDY003 | C12: ANDREA DEL PILAR PEÑA SANCHEZ | D12: CONSORCIO | E12: ICING S.A.S. - 90% | F12: COPEBA S.A.S. - 10%
A13: 10 | B13: CIVING INGENIEROS CONTRATISTAS S.A.S | C13: STEFAN IVAN VALLEJO PACHON | D13: EMPRESA | E13: CIVING INGENIEROS CONTRATISTAS S.A.S - 100%
A14: 11 | B14: CONSORCIO EMPRESARIAL | C14: HUGO ALFREDO POSSO MONCADA | D14: CONSORCIO | E14: GRUPO POSSO SAS - 50% | F14: INGENIERIA MONCADA GUERRERO SA - 50%
A15: 12 | B15: CONSORCIO KENNEDY INTERESVIAL | C15: CESAR AUGUSTO CAMARCO CAMARGO | D15: CONSORCIO | E15: KALPA INGENIERIA SAS SOCIEDAD DE BENEFICIO E INTERES COLECTIVO - BIC - 99% | F15: MEDINA & RIVERA INGENIEROS ASOCIADOS SOCIEDAD POR ACCIONES SIMPLIFICADA 1%
A16: 13 | B16: UNIOBRAS DEL ORIENTE SAS | C16: MIRIAM LUZ GUTIERREZ CORREA | D16: EMPRESA | E16: UNIOBRAS DEL ORIENTE SAS - 100%
A17: 14 | B17: CONSORCIO HUPK VIAS DE KENNEDY | C17: JUAN PABLO PRADA CADAVID | D17: CONSORCIO | E17: HUPERNIKAO INGENIERIA SAS - 50% | F17: SISTEMA INGENIERIA, SUCURSAL COLOMBIA - 50%
A18: 15 | B18: INGEVAL SAS | C18: CLAUDIA MILENA TRUJILLO ANGEL | D18: EMPRESA | E18: INGEVAL SAS - 100%
A19: 16 | B19: CONSORCIO MALLA VIAL G&G | C19: ALFREDO PEREZ SANTOS | D19: CONSORCIO | E19: GESTORA DE PROYECTOS DE INGENIERIA E INFRAESTRUCTURA S.A.S. - 60% | F19: DISEÑOS INTERVENTORIAS Y SERVICIOS S.A.S - 40%
A20: 17 | B20: CONSORCIO KENNEDY LGI | C20: CAMILO ADOLFO NAGED RODRIGUEZ | D20: CONSORCIO | E20: GEOTECNIA Y CIMIENTOS INGEOCIM SAS - 50% | F20: LINEA GLOBAL INGENIERIA SAS - 50%
A21: 18 | B21: ICE SAS | C21: CARLOS ALBERTO DONADO | D21: EMPRESA | E21: ICE SAS - 100%
A22: 19 | B22: CONSORCIO INTERKENNEDY CC | C22: CLAUDIA PATRICIA CORREA MALAVER | D22: CONSORCIO | E22: CEMOSA COLOMBIA - 50% | F22: CEMOSA INGENIERIA Y CONTROL SAS - 50%
A23: 20 | B23: CONSORCIO INTER VIAS KENNEDY | C23: JORGE GOMEZ FALLA | D23: CONSORCIO | E23: JGF SERVICIOS SAS - 50% | F23: COBA B&C SAS - 50%
A24: 21 | B24: HMV SOLUCIONES SAS | C24: EDUARDO ENRIQUE RAMOS ARNEDO | D24: PERSONA NATURAL | E24: HMV SOLUCIONES SAS - 100%
A25: 22 | B25: UMBRELLA INTERNATIONAL S.A.S | C25: KYARA NAYVITH ALMEIDA GAMARRA | D25: PERSONA NATURAL | E25: UMBRELLA INTERNATIONAL S.A.S - 100%
A26: 23 | B26: CONSORCIO DS | C26: ALEJANDRO ALBA QUINTERO | D26: CONSORCIO | E26: SESAC S.A - 90% | F26: DEIGMA S.A.S. - 10%
A27: 24 | B27: CONSORCIO INTERKENNEDY MV | C27: ANDRES FELIPE QUINTERO CORDOBA | D27: CONSORCIO | E27: HG INGENIERÍA Y DESARROLLOS SAS - 50% | F27: COMPAÑÍA DE INTERVENTORÍAS Y CONSULTORÍAS DE LA COSTA SAS - 50%
A28: 25 | B28: CONSULTORES DONOVAN S.A.S | C28: KELLY JOHANNA GRAST SÁNCHEZ | D28: PERSONA NATURAL | E28: CONSULTORES DONOVAN S.A.S - 100%
A29: 26 | B29: CONSORCIO KENNEDY JINT 3 | C29: CESAR AUGUSTO PALACIOS WILCHES | D29: CONSORCIO | E29: JPS INGENIERIA S.A.S. - 90% | F29: INTING S.A.S. - 10%
A30: 27 | B30: CONSORCIO CONSERVACION MO 003 | C30: DANIEL ERNESTO RUIZ PARRA | D30: CONSORCIO | E30: MSING S.A.S - 50% | F30: OBRAS Y PROYECTOS RP SAS - 50%
A31: 28 | B31: CONSORCIO SERBET KENNEDY | C31: PAOLO MAFIOLI PUCHE | D31: CONSORCIO | E31: SERVINC SAS - 90% | F31: BETMAF SAS - 10%
A32: 29 | B32: INTERLAB INGENIERIA S.A.S | C32: LUISA FERNANDA RAMÍREZ TOVAR | D32: PERSONA NATURAL | E32: INTERLAB INGENIERIA S.A.S - 100%
A33: 30 | B33: CONSORCIO KENNEDY 2025 | C33: ADALBERTO FLOREZ SALGADO | D33: CONSORCIO | E33: CONSTRUCTORA P-F LTDA - 50% | F33: AIDOCN LTDA - 50%
A34: 31 | B34: MGC VIAS KENNEDY. | C34: JULIO CESAR CAREY RIVERA | D34: CONSORCIO | E34: MARC PROYECTOS SAS - 30% | F34: CON Y CON SAS - 30% | G34: GESTORES Y CONSULTORES G&C LTDA - 40%
A35: 32 | B35: CONSORCIO TECNOLOGICO 11. | C35: RAFAEL JAVIER GUISA RUEDA | D35: CONSORCIO | E35: RAFAEL JAVIER GUISA RUEDA - 50% | F35: INTERVENTORIAS Y CONSTRUCCIONES S.A.S - 50%
A36: 33 | B36: CONSORCIO INTERPROVIAL KENNEDY | C36: JUAN JOSE OLIVELLA LOPEZ | D36: CONSORCIO | E36: CONSULTORIA E INTERVENTORIAS TECNICAS PROFESIONALES S.A.S - 90% | F36: TCONTROL S.A.S. - 10%
A37: 34 | B37: CONSORCIO TECHOTIBA. | C37: DIEGO MAURICIO GALÁN ECHEVERRI | D37: CONSORCIO | E37: CODIPRO INGENIERIA Y ARQUITECTURA LTDA. CONSTRUCCIONES, DISEÑOS Y PROYECTOS - 50% | F37: INGENIERIA DE PROYECTOS AML S.A.S. - 40% | G37: VÍAS Y CANALES S.A.S. NIT. - 10%
A38: 35 | B38: IAR PROYECTOS SAS | C38: RAFAEL VILLAR OSPINA | D38: PERSONA JURIDICA | E38: IAR PROYECTOS SAS - 100%
A39: 36 | B39: CONSORCIO INTERURBANO | C39: FREDY LEAL MENDOZA | D39: CONSORCIO | E39: BATEMAN INGENIERIA SAS - 90% | F39: GH INGENIERIA Y CONSULTORIA SAS - 10%
A40: 37 | B40: CONSORCIO INTERVIAL KENNEDY. | C40: ALFREDO JOSÉ LEPESQUEUR MARTÍNEZ | D40: CONSORCIO | E40: AS INGENIERÍA Y CONSULTORÍA S.A.S. - 90% | F40: CONSULTORIAS DEL LLANO S.A.S - 10%
A41: 38 | B41: CONSORCIO SPL INGENIERÍA 78 | C41: SERGIO RAFAEL FIDEL PABÓN LOZANO | D41: CONSORCIO | E41: PROJEKTA LIMITADA INGENIEROS CONSULTORES - 90% | F41: SPL INGENIERÍA SAS. - 10%
A42: 39 | B42: CONSORCIO VIAL TAED KENNEDY | C42: GONZALO LOZANO TRIANA | D42: CONSORCIO | E42: ESTUDIO, DISEÑO Y CONSTRUCCION EN INGENIERIA SAS - 50% | F42: TABIQUE INGENIERIA SUCURSAL COLOMBIA - 50%
A43: 40 | B43: CONSORCIO CONEXIÓN VIAL KENNEDY. | C43: DIEGO ALEJANDRO LEIVA ORTIZ | D43: CONSORCIO | E43: MSC INGENIERIA SAS -50% | F43: DESARROLLO TECNOLOGIA Y PLANEACION COLOMBIA SAS -40% | G43: GEPROBRAS SAS - 10%
A44: 41 | B44: CB INGENIEROS S.A.S | C44: JOSE GILBERTO HERNANDEZ LARA | D44: EMPRESA | E44: CB INGENIEROS S.A.S - 100%
A45: 42 | B45: INGENIEROS CONSTRUCTORES Y ASESORES S.A.S | C45: ESTHER PAULINA MARTINEZ MENDOZA | D45: EMPRESA | E45: INGENIEROS CONSTRUCTORES Y ASESORES S.A.S - 100%
A46: 43 | B46: CONSORCIO VIAL KENNEDY | C46: VIVIAN PAOLA CAMPO VILLOTA | D46: CONSORCIO | E46: PROYECTOS TECNICOS DE COLOMBIA S.A.S - 90% | F46: COMPAÑÍA TECNICA DE INGENIERIA S.A.S - 10%
A47: 44 | B47: CONSORCIO INFRAESTRUCTURA KENNEDY 2025. | C47: JAMES ANDRADE ZAMBRANO | D47: CONSORCIO | E47: INTERVENTORIA Y GESTION INTERGES S.A.S - 50% | F47: JAMES ANDRADE ZAMBRANO - 50%
A48: 45 | B48: CONSORCIO ALFAYIZIN | C48: LUZ MARINA BELTRAN CHAVES | D48: CONSORCIO | E48: JORGE PIDDO SEGUIDO DE LA EXPRESION SUCURSAL COLOMBIA - 90% | F48: OCCAS INGENIERIA S.A.S. - 10%
A49: 46 | B49: TERRA PROYECTOS CIVILES S.A.S | C49: JORGE HERNANDO FORERO FORERO | D49: EMPRESA | E49: TERRA PROYECTOS CIVILES S.A.S - 100%
A50: 47 | B50: ARQUITECTURA E INGENIERIA DE CONSULTA ARINCO S.A.S | C50: ERICK JOSE CASTILLO CURIEUX | D50: EMPRESA | E50: ARQUITECTURA E INGENIERIA DE CONSULTA ARINCO S.A.S - 100%
A51: 48 | B51: SAVIMAC SAS. | C51: SANTIAGO CARRILLO VARGAS | D51: EMPRESA | E51: SAVIMAC SAS. - 100%
A52: 49 | B52: CONSORCIO VÍAS URBANAS P&C K-003 - 2025. | C52: OSCAR ANDRES PLAZAS ROLDAN | D52: CONSORCIO | E52: PROYECTISTAS ASOCIADOS SAS - 91% | F52: CONSTRUCTORA TEATINO VARGAS – CONSTRUTEV SAS - 9%
A53: 50 | B53: BB CONSULTORA SAS | C53: MANUEL JOSÉ BRAVO FERNÁNDEZ | D53: EMPRESA | E53: BB CONSULTORA SAS
A54: 51 | B54: CONSORCIO KENNEDY 3M | C54: ARIEL ALBERTO CORREDOR GOMEZ | D54: CONSORCIO | E54: MAB INGENIERÍA DE VALOR S.A. - 50% | F54: MAB SERVICIOS S.A.S. - 30% | G54: MAB INFRAESTRUCTURA S.A.S. - 20%
A55: 52 | B55: CONSORCIO CGR KENNEDY. | C55: OSCAR JAVIER GARZÓN DÍAZ | D55: CONSORCIO | E55: CGR SAS - 90% | F55: CGR INGENIEROS & ARQUITECTOS SAS - 10%
A56: 53 | B56: PROBINTEC S.A.S. | C56: SANDRA STELLA MORENO BUITRAGO | D56: EMPRESA | E56: PROBINTEC S.A.S.
A57: 54 | B57: INTERVENTORIA Y CONSTRUCIVILES SAS | C57: CARLOS ALBERTO ARAMBULA CURREA | D57: EMPRESA | E57: INTERVENTORIA Y CONSTRUCIVILES SAS
A58: 55 | B58: CONSORCIO AL-IN 2025 | C58: Álvaro Hernando Vera Ayala | D58: EMPRESA | E58: ALMA Interventoría & Consultoría S.A.S | F58: INTERNOVAC GROUP S.A.S - BIC
A59: 56 | B59: CONSORCIO INTERVIAS KENNEDY 03 | C59: LUZ ANDREA FAJARDO CORREDOR | D59: CONSORCIO | E59: Gavinco Ingenieros Consultores S.A.S - 90% | F59: Sainpro Ingeniería S.A.S - 10%
A60: 57 | B60: CONSORCIO INTER VIAS KENNEDY 2025 | C60: VIVIANA ANDREA RODRIGUEZ MUÑOZ | D60: EMPRESA | E60: ARM CONSULTORIA Y CONSTRUCCIONES S.A.S | F60: YOU ARE SERVICE SAS
A61: 58 | B61: INVELER CONSULTORIA S.A.S | C61: ISABEL VICTORIA LEON REYES | D61: EMPRESA | E61: INVELER CONSULTORIA S.A.S
A62: 59 | B62: CONSORCIO G2 2025. | C62: HERNANDO JUNIOR MUÑOZ SERRANO | D62: CONSORCIO | E62: INGENIERIA Y CONSULTORIA GHE S.A.S. - 10% | F62: A2M PROYECTOS DE INGENIERIA S.A.S - 90%
A63: 60 | B63: CONSORCIO FENIX. | C63: NORBERTO BAYONA ESPITIA | D63: CONSORCIO | E63: NORBERTO BAYONA ESPITIA - 90% | F63: INAR PROYECTOS DE INGENIERIA Y ARQUITECTURA S.A.S - 10%
A64: 61 | B64: PIV INGENIERIA S.A.S. | C64: NELSON FERNANDO HENRÍQUEZ RODRÍGUEZ | D64: Individual | E64: PIV INGENIERIA S.A.S. | F64: No aplica
A65: 62 | B65: CONSORCIO KENNEDY 03 2025 | C65: GILBERTO MARTINEZ ARGUELLES | D65: Consorcio | E65: MT PROJECTS S.A.S | F65: INGENIERIA MASTER S.A.S
A66: 63 | B66: C INTERVIAS T&P KENNEDY | C66: EDUARD MAURICIO ANTE TOVAR | D66: Consorcio | E66: TECNICA Y PROYECTOS DE INGENIERÍA S.A.S | F66: PLANES S.A.S.
A67: 64 | B67: CONSORCIO TS 03 | C67: EDGAR ALFREDO SALAZAR BERNAL | D67: Consorcio | E67: TOTALL INC SAS BIC | F67: SIGT INGENIEROS Y CONSULTORES SAS
A68: 65 | B68: CONSORCIO ID CONSERVACION KENNEDY | C68: LUZ MARINA ORTEGA OCHOA | D68: Consorcio | E68: INTERDISEÑOS ASOCIADOS S.A.S. | F68: INTERVENTORIAS Y DISEÑOS S.A. - INTERDISEÑOS
A69: 66 | B69: PROYECTO SANABRIA SAS | C69: GABRIELA SALGADO PINILLA, | D69: Individual | E69: PROYECTO SANABRIA SAS
A70: 67 | B70: CONSORCIO CONSERVACIÓN VELNEC | C70: PAOLA MARÍA CRISTANCHO CHARRY | D70: CONSORCIO | E70: VELNEC S.A. - 20% | F70: VELNEC INGENIERIA S.A.S. BIC - 80%
A71: 68 | B71: CONSORCIO CONSERVACION KENNEDY | C71: ANA ISABEL HENDE CARREÑO | D71: CONSORCIO | E71: OPH INGENIEROS ASOCIADOS SAS - 50% | F71: INGEPLAN.CO INFRAESTRUCTURA S.A.S BIC - 50%
A72: 69 | B72: CONSORCIO INTERVIAL KENNEDY | C72: CESAR EDUARDO GOMEZ GOMEZ | D72: CONSORCIO | E72: R&M CONSTRUCCIONES E INTERVENTORÍAS SAS - 50% | F72: M.A.P.G INGENIERIA CIVIL S.A.S. - 50%
A73: 70 | B73: CONSORCIO SOLUCIONES IRIS | C73: IVÁN AUGUSTO BARRETO ESQUIVEL | D73: CONSORCIO | E73: SOLUCIONES PARA LA INGENIERÍA SAS - 90% | F73: INFRAESTRUCTURA INTEGRAL SAS - 10%
A74: 71 | B74: CONSORCIO KENNEDY VIAL | C74: MAURICIO FERNANDO PRIETO SÁNCHEZ | D74: CONSORCIO | E74: BRAIN INGENIERÍA VIAL S.A.S. - 50% | F74: INPROTEKTO LIMITADA - 50%
A75: 72 | B75: CONSORCIO VALICON UNIVERSAL | C75: DANIEL ERNESTO MARTINEZ ENCISO | D75: CONSORCIO | E75: UNIVERSAL DE CONSTRUCCIONES CIVILES Y DISEÑOS S.A.S - 90% | F75: VALENCIA INGENIEROS CONSTRUCTORES S.A. - 10%
A76: 73 | B76: CONSORCIO VIAL KENNEDY IC | C76: ASTRID LILIANA MARIN LOPEZ | D76: CONSORCIO | E76: CAYCO S.A.S - 90% | F76: INGEORBE SAS BIC - 10%
A77: 74 | B77: CONSORCIO INTERVIAL GINPROSA. | C77: JULIO CAYETANO RODRÍGUEZ | D77: CONSORCIO | E77: GINPROCOL S.A.S 50% | F77: GINPROSA COLOMBIA S.A.S 50%
A78: 75 | B78: CONSORCIO INTERVIAL CAPITAL | C78: JORGE HERNANDO BELTRAN CATUMBA | D78: CONSORCIO | E78: LITORAL CONSULTING S.A.S 50% | F78: MC CONSULTORES Y CONSTRUCTORES S.A.S. 50%
A79: 76 | B79: CONSORCIO MALLA VIAL KENNEDY | C79: ISABEL CRISTINA ARREDONDO VÉLEZ | D79: CONSORCIO | E79: AIM ENGINEERING S.A.S 70% | F79: COMPAÑÍA DE VÍAS, TRANSPORTE Y OBRAS PÚBLICAS S.A.S (VIASTOP S.A.S.) 30%
A80: 77 | B80: PROYECTOS E INTERVENTORIAS S.A.S | C80: WILSON GIOVANNI URREA URREA | D80: EMPRESA | E80: ROYECTOS E INTERVENTORIAS S.A.S - 100%
A81: 78 | B81: Lemoine Rivera Ingenieros Asociados S.A.S | C81: Cristian Mauricio Cuellar Leguizamón | D81: EMPRESA | E81: Lemoine Rivera Ingenieros Asociados S.A.S - 100%
A82: 79 | B82: Consorcio Escalí | C82: Leyman Alí Murillo Córdoba | D82: CONSORCIO | E82: LeyAlí Ingeniería S.A.S 80% | F82: ESCALA C.C.I S.A.S 20%
A83: 80 | B83: CONSORCIO CAS KENNEDY | C83: ANA MARIA HOUGHTON ILLERA | D83: CONSORCIO | E83: CANJI DISEÑOS E INTERVENTORIAS S.A.S. 50% | F83: BUSERCO S.A.S 50%
A84: 81 | B84: CONSORCIO TIMIZA 25 | C84: CARLOS MARIO ROLÓN AMAYA | D84: CONSORCIO | E84: INGECO INGENIERIA DE CONSTRUCCIONES S.A.S | F84: INP SERVICIOS S.A.S.
A85: 82 | B85: CONSORCIO INTERVIAL KENNEDY | C85: MAYRON A. VERGEL ARMENTA | D85: CONSORCIO | E85: AFA CONSULTORES Y CONSTRUCTORES S. A | F85: INTECON CONSULTORES S.A.S
A86: 83 | B86: JOYCO S.A.S BIC | C86: DIANA LORENA CASTAÑO ACEVEDO | D86: EMPRESA | E86: JOYCO S.A.S BIC - 100%
A87: 84 | B87: ARCA ARQUITECTURA E INGENIERÍA S.A | C87: SARAH DEL MAR SANSON TORRES | D87: EMPRESA | E87: ARCA ARQUITECTURA E INGENIERÍA S.A - 100%
A88: 85 | B88: CONSORCIO PROES LATAM | C88: Paola Alexandra Muñoz Bohórquez | D88: CONSORCIO | E88: PROES COLOMBIA S.A.S. | F88: PROES LATAM S.A.S.
A89: 86 | B89: CONSORCIO GIS CONSERVIAL | C89: LUISA FERNANDA BARRETO PARRA, | D89: CONSORCIO | E89: GIS-EAP S.A.S. | F89: GESTION INTEGRAL DEL SUELO SL COLOMBIA
A90: 87 | B90: CONSORCIO VIAL UJM | C90: MANUEL GONZALEZ MOLES | D90: CONSORCIO | E90: CONSULTORES DE INGENIERÍA UG21 SL SUCURSAL COLOMBIA | F90: JET INGENIERIA SOCIEDAD POR ACCIONES SIMPLIFICADA
A91: 88 | B91: CONSORCIO MVIAL 2025 | C91: MARIA ISABEL MARTINEZ ESTRADA | D91: CONSORCIO | E91: HUMBERTO JAUREGUI & CIA SAS-50% | F91: PROYECTOS VIALES SAS-50%
A92: 89 | B92: CONSORCIO INTERVIAL KENNEDY GH | C92: OSCAR GIOVANNY ARIAS ARENAS | D92: CONSORCIO | E92: HIDRALARPI PROFESIONALES ASOCIADOS SAS-10% | F92: GHF INGENIERÍA Y CONSTRUCCIONES SAS-90%
A93: 90 | B93: CONSORCIO ALIANZA KENNEDY 2025 | C93: JUAN CAMILO POLANIA ANDRADE | D93: CONSORCIO | E93: G.E. SAC & CIA SAS-45% | F93: INGENIERIA, MANTENIMIENTO, CONSULTORIAS Y ASESORIAS DE COLOMBIA SAS-45% | G93: JUAN CAMILO POLANIA ANDRADE-10%
A94: 91 | B94: TECNUMEC SAS | C94: EMILIA ESTHER DE LA OSSA CONTRERAS | D94: EMPRESA | E94: TECNUMEC SAS - 100%
A95: 92 | B95: ALIANZA INTEGRAL DE PROYECTOS SAS BIC | C95: SUSANA MARGARITA GUERRA BECERRA | D95: EMPRESA | E95: ALIANZA INTEGRAL DE PROYECTOS SAS BIC - 100%
A96: 93 | B96: UT MALLA VIAL KENNEDY 2025 | C96: ALLAN HERLEY PINEDA PALACIO | D96: UNION TEMPORAL | E96: SITELSA S.A.S - 50% | F96: ARQUITECTURA Y GERENCIA DE PROYECTOS AGP S.A.S - 50%
A97: 94 | B97: CONSORCIO VIAS LOCALES AEPRO | C97: ANTONIO ESTEBAN SANCHEZ TORRES | D97: CONSORCIO | E97: PROEZA INGENIERÍA S.A.S. - 50% | F97: AESA PROYECTOS S.A.S. - 50%
A98: 95 | B98: CONSORCIO INTEGRAL KENNEDY | C98: ANDRES FELIPE TAPIA ALVARADO | D98: CONSORCIO | E98: PAEZ INGENIERIA Y CONSTRUCCION SAS -10% | F98: GRUPO IRT SAS - 90% | G98: 558602660
A99: 96 | B99: CONSORCIO INTERVENTORÍA COANDINA | C99: LUIS ALBERTO FORERO RAMOS | D99: CONSORCIO | E99: COINCO DE COLOMBIA S.A.S. - 90% | F99: ANDINA DE CONSULTORÍA Y CONSTRUCCIONES SAS -10%
A100: 97 | B100: CONSORCIO GAB VIAL KENNEDY | C100: CARLOS ANDRES BALLESTAS BARANDICA | D100: CONSORCIO | E100: GAB INGENIERIA SAS - 50% | F100: BIA INGENIERIA SAS - 50%
...

Sheet CONDICIONES GENERALES
M3: cada contrato debe cumplir con alguno de estos códigos 81101500, 81102200, 80101600
A6: OBJETO: REALIZAR LA INTERVENTORIA, TECNICA, ADMINISTRATIVA, JURIDICA, FINANCIERA, SOCIAL, AMBIENTAL Y DE SEGURIDAD Y SALUD EN EL TRABAJO AL CONTRATO QUE TIENE COMO OBJETO "REALIZAR LAS OBRAS DE CONSERVACIÓN DE LA MALLA VIAL Y ESPACIO PÚBLICO ASOCIADO EN LA LOCALIDAD DE KENNEDY, BOGOTÁ, D.C. A TRAVÉS DEL SISTEMA DE PRECIOS UNITARIOS FIJOS Y A MONTO AGOTABLE
A8: Los contratos para acreditar la experiencia deben cumplir las siguientes características: Que hayan contenido la ejecución de:
A9: EXPERIENCIA GENERAL
A10: INTERVENTORIA A LA CONSTRUCCIÓN O RECONSTRUCCIÓN O REHABILITACIÓN O ADECUACIÓN O AMPLIACIÓN O MEJORAMIENTO O MANTENIMIENTO O REPAVIMENTACIÓN O PAVIMENTACIÓN O CONSERVACIÓN DE INFRAESTRUCTURA VIAL PARA TRÁFICO VEHICULAR DE VÍAS URBANAS O DE VÍAS PRIMARIAS O SECUNDARIAS
A11: Nota 1: No se aceptará experiencia en contratos cuyo objeto o alcance sea exclusivamente en cualquiera de las siguientes actividades de interventoría a: componentes de seguridad vial o semaforización o puentes.
A12: Nota 2: En todo caso la interventoría a la obra civil en infraestructura vial que se pretenda acreditar como experiencia, debe demostrar la interventoría a la intervención en la estructura del pavimento.
A13: Nota 3: La entidad de acuerdo con la complejidad técnica del proyecto revisará y/o analizará la categorización correspondiente a las vías a intervenir objeto del proceso de Selección y con base en esto, determinará si corresponden a Vías Arteriales, Principales y/o Secundarias o de acuerdo con las clasificaciones y/o categorías incluidas para las ciudades y/o municipios o su equivalente en el evento de proyectos ejecutados fuera del territorio nacional y con base en esto solicitará la Experiencia en la interventoría a la Intervención de Vías Urbanas.
A15: EXPERIENCIA ESPECIFICA
A16: Por lo menos uno (1) de los contratos válidos aportados como experiencia general debe acreditar que se hayan realizado interventoría a las actividades de diagnóstico y/o estudios y diseños, para actividades de conservación de vías.
A17: Y
A18: Por lo menos uno (1) de los contratos válidos aportados como experiencia general debe acreditar la interventoría a la intervención de redes de servicios públicos.
A19: NÚMERO DE CONTRATOS: C. El Proponente podrá aportar mínimo uno (1) y máximo cinco (5) contratos para la evaluación y asignación de puntaje por concepto de experiencia.
... A24: CONDICIÓN 5: F: Cuando el contrato que se pretende acreditar como experiencia haya sido ejecutado en Consorcio o en Unión Temporal, el valor a considerar será el registrado en el Registro Único de Proponentes (RUP), o documento válido, en caso de que el integrante no esté obligado a tener RUP. En estos casos la experiencia se multiplicará por el porcentaje de participación que tuvo el integrante o los integrantes.

Sheet EXPERIENCIA DEL PROPONENTE
A1: FONDO DE DESARROLLO LOCAL DE KENNEDY
A2: FDLK-CMA-003-2025
A3: REQUISITOS PONDERABLE - EXPERIENCIA DEL PROPONENTE | T3: CUMPLE
T4: NO CUMPLE
A8: 1 | E8: =VLOOKUP(A8,'LISTA DE OFERENTES'!$A$4:$H$102,2,FALSE) -> CONSORCIO INGESCOR R 8
A9: NÚMERO DE CONTRATOS PRESENTADOS | B9: 1 | C9: PRESUPUESTO OFICIAL EN SMMLV | D9: =$D$1591 -> 1380.1114
A10: PROMEDIO DE SMMLV | C10: =H23/B9 -> 2609.9288
A11: TERMINO DE EJECUCION EXIGIDO | C11: 45923
A12: TOTAL SALARIOS MINIMOS ACREDITADOS | C12: =+IF(H23>D9,"CUMPLE","NO CUMPLE") -> CUMPLE
A13: CONDICIONES DE EXPERIENCIA | I13: CONDICION N°. 1 (VER TABLA AL FINAL DE LA HOJA) | J13: CONDICION N°. 2 (VER TABLA AL FINAL DE LA HOJA) | K13: CONDICION N°. 4 (VER TABLA AL FINAL DE LA HOJA) | M13: VALIDACIÓN CONDICIONES | N13: CONCLUSIÓN EXPERIENCIA GENERAL | O13: EXPERIENCIA ESPECIFICA 1 INTERVENTORÍA A ACTIVIDADES DE DIAGNOSTICO Y/O ESTUDIOS Y DISEÑOS PARA CONSERVACIÓN DE MALLA VIAL | P13: EXPERIENCIA ESPECIFICA 2 INTERVENTORÍA A INTERVENCIONES DE REDES DE SERVICIOS PUBLICOS | Q13: CONCLUSIÓN ACREDITACIÓN EXPERIENCIA GENERAL, Y EXPERIENCIA ESPECIFICA | R13: OBSERVACIÓN Y RESPUESTA A OBSERVACIONES
A14: Objeto del Contrato | B14: Entidad Contratante | D14: Valor Contrato | E14: Año de ejecución aportado | F14: Valor del Contrato en SMMLV | G14: Participación UT/CONSORCIO | H14: Participación en SMMLV | I14: Término de ejecución aportado | J14: CODIGO UNSPSC SEGMENTOS 80 Y 81 | K14: Valor exigido 50%SMMLV | L14: Valor aportado
A15: =VLOOKUP(A8,'LISTA DE OFERENTES'!$A$4:$H$102,5,FALSE) -> INGESCOR LTDA - 90% | K15: =$D$1591*0.5 -> 690.05571 | M15: CUMPLE | Q15: =+IF(AND(N23="CUMPLE",O23="CUMPLE",P23="CUMPLE"),"CUMPLE","NO CUMPLE") -> CUMPLE
A16: CONTRATAR LA INTERVENTORÍA TÉCNICA, ADMINISTRATIVA, FINANCIERA Y AMBIENTAL AL CONTRATO DE OBRA CUYO OBJETO ES: MEJORAMIENTO DE LA SEGUNDA ETAPA DE LA VÍA IBAGUÉ - ROVIRA EN EL DEPARTAMENTO DEL TOLIMA | B16: GOBERNACION DEL TOLIMA | D16: 3728469682 | E16: 2022 | F16: =D16/(VLOOKUP(E16,$D$1618:$E$1652,2,FALSE)) -> 3728.4697 | G16: 0.5 | H16: =F16*G16 -> 1864.2348 | I16: 44922 | J16: CUMPLE | L16: =+SUM(I16:I18) -> 130945 | N16: CUMPLE | O16: CUMPLE | P16: NO CUMPLE
A17: "INTERVENTORÍA TÉCNICA, ADMINISTRATIVA, FINANCIERA Y AMBIENTAL AL CONTRATO ESTATAL DE OBRA LP-03-2013, CUYO OBJETO ES LA RECONSTRUCCIÓN DE VÍAS Y ANDENES DEL CORREDOR VIAL PERTENECIENTE A LA RUTA CECAR - ETAPA I, PERTENECIENTE AL SISTEMA ESTRATÉGICO DE TRANSPORTE PÚBLICO DE PASAJEROS DE LA CIUDAD DE SINCELEJO | B17: METRO SABANAS S.A.S | D17: 822325500 | E17: 2015 | F17: =D17/(VLOOKUP(E17,$D$1618:$E$1652,2,FALSE)) -> 1276.2094 | G17: 0.35 | H17: =F17*G17 -> 446.67328 | I17: 42294 | J17: CUMPLE | N17: CUMPLE | O17: NO CUMPLE | P17: CUMPLE
A18: “INTERVENTORIA TECNICA, ADMINISTRATIVA, FINANCIERA Y AMBIENTAL PARA EL MEJORAMIENTO, MANTENIMIENTO Y CONSERVACION DE VIAS PARA CONECTIVIDAD REGIONAL, FINANCIADOS CON RECURSOS DE LA ENAJENACIÓN DE ISAGEN EN EL DEPARTAMENTO DE CALDAS, VIA ARMA - LA LORENA - PLAN DE ORO | B18: INVIAS | D18: 755764760 | E18: 2019 | F18: =D18/(VLOOKUP(E18,$D$1618:$E$1652,2,FALSE)) -> 912.63152 | G18: 0.2 | H18: =F18*G18 -> 182.5263 | I18: 43729 | J18: CUMPLE | N18: CUMPLE | O18: CUMPLE | P18: NO CUMPLE
A19: =VLOOKUP(A8,'LISTA DE OFERENTES'!$A$4:$H$102,6,FALSE) -> JUAN CARLOS RÍOS URUETA - 10%
A20: CONTRATAR LA INTERVENTORÍA TÉCNICA, ADMINISTRATIVA, FINANCIERA Y AMBIENTAL AL CONTRATO DE OBRA CUYO OBJETO ES: MEJORAMIENTO DE LA SEGUNDA ETAPA DE LA VÍA IBAGUÉ - ROVIRA EN EL DEPARTAMENTO DEL TOLIMA | B20: GOBERNACION DEL TOLIMA | D20: 3728469682 | E20: 2022 | F20: =D20/(VLOOKUP(E20,$D$1618:$E$1652,2,FALSE)) -> 3728.4697 | G20: 0.2 | H20: =F20*G20 -> 745.69394 | I20: 44922 | J20: CUMPLE | L20: =+SUM(I20:I22) -> 130945 | N20: CUMPLE | O20: CUMPLE | P20: NO CUMPLE
A21: "INTERVENTORÍA TÉCNICA, ADMINISTRATIVA, FINANCIERA Y AMBIENTAL AL CONTRATO ESTATAL DE OBRA LP-03-2013, CUYO OBJETO ES LA RECONSTRUCCIÓN DE VÍAS Y ANDENES DEL CORREDOR VIAL PERTENECIENTE A LA RUTA CECAR - ETAPA I, PERTENECIENTE AL SISTEMA ESTRATÉGICO DE TRANSPORTE PÚBLICO DE PASAJEROS DE LA CIUDAD DE SINCELEJO | B21: METRO SABANAS S.A.S | D21: 822325500 | E21: 2015 | F21: =D21/(VLOOKUP(E21,$D$1618:$E$1652,2,FALSE)) -> 1276.2094 | G21: 0.05 | H21: =F21*G21 -> 63.810468 | I21: 42294 | J21: CUMPLE | N21: CUMPLE | O21: NO CUMPLE | P21: CUMPLE
A22: “INTERVENTORIA TECNICA, ADMINISTRATIVA, FINANCIERA Y AMBIENTAL PARA EL MEJORAMIENTO, MANTENIMIENTO Y CONSERVACION DE VIAS PARA CONECTIVIDAD REGIONAL, FINANCIADOS CON RECURSOS DE LA ENAJENACIÓN DE ISAGEN EN EL DEPARTAMENTO DE CALDAS, VIA ARMA - LA LORENA - PLAN DE ORO | B22: INVIAS | D22: 755764760 | E22: 2019 | F22: =D22/(VLOOKUP(E22,$D$1618:$E$1652,2,FALSE)) -> 912.63152 | G22: 0.6 | H22: =F22*G22 -> 547.57891 | I22: 43729 | J22: CUMPLE | N22: CUMPLE | O22: CUMPLE | P22: NO CUMPLE
A23: TOTALES | F23: =+SUM(F15:F22) -> 11834.621 | H23: =+SUM(H16,H20) -> 2609.9288 | I23: CONCLUSIÓN EXPERIENCIA DEL PROPONENTE | N23: CUMPLE | O23: =IF(_xlfn.XLOOKUP("CUMPLE",O19:O22,O19:O22,"NO CUMPLE",0,1)="CUMPLE","CUMPLE","NO CUMPLE") -> CUMPLE | P23: =IF(_xlfn.XLOOKUP("CUMPLE",P19:P22,P19:P22,"NO CUMPLE",0,1)="CUMPLE","CUMPLE","NO CUMPLE") -> CUMPLE | R23: =+IF(AND(M15="CUMPLE",Q15="CUMPLE"),"HABILITADO","NO HABILITADO") -> HABILITADO
A26: =1+A8 -> 2 | E26: =VLOOKUP(A26,'LISTA DE OFERENTES'!$A$4:$H$102,2,FALSE) -> CONSORCIO INTER 3A
A27: NÚMERO DE CONTRATOS PRESENTADOS | B27: 3 | C27: PRESUPUESTO OFICIAL EN SMMLV | D27: =$D$1591 -> 1380.1114
A28: PROMEDIO DE SMMLV | C28: =H41/B27 -> 2135.9474
A29: TERMINO DE EJECUCION EXIGIDO | C29: 45923
A30: TOTAL SALARIOS MINIMOS ACREDITADOS | C30: =+IF(H41>D27,"CUMPLE","NO CUMPLE") -> CUMPLE
A31: CONDICIONES DE EXPERIENCIA | I31: CONDICION N°. 1 (VER TABLA AL FINAL DE LA HOJA) | J31: CONDICION N°. 2 (VER TABLA AL FINAL DE LA HOJA) | K31: CONDICION N°. 4 (VER TABLA AL FINAL DE LA HOJA) | M31: VALIDACIÓN CONDICIONES | N31: CONCLUSIÓN EXPERIENCIA GENERAL | O31: EXPERIENCIA ESPECIFICA 1 INTERVENTORÍA A ACTIVIDADES DE DIAGNOSTICO Y/O ESTUDIOS Y DISEÑOS PARA CONSERVACIÓN DE MALLA VIAL | P31: EXPERIENCIA ESPECIFICA 2 INTERVENTORÍA A INTERVENCIONES DE REDES DE SERVICIOS PUBLICOS | Q31: CONCLUSIÓN ACREDITACIÓN EXPERIENCIA GENERAL, Y EXPERIENCIA ESPECIFICA | R31: OBSERVACIÓN Y RESPUESTA A OBSERVACIONES
A32: Objeto del Contrato | B32: Entidad Contratante | D32: Valor Contrato | E32: Año de ejecución aportado | F32: Valor del Contrato en SMMLV | G32: Participación UT/CONSORCIO | H32: Participación en SMMLV | I32: Término de ejecución aportado | J32: CODIGO UNSPSC SEGMENTOS 80 Y 81 | K32: Valor exigido 50%SMMLV | L32: Valor aportado
A33: =VLOOKUP(A26,'LISTA DE OFERENTES'!$A$4:$H$102,5,FALSE) -> ARCELIA ARIAS DIAZ - 35% | K33: =$D$1591*0.5 -> 690.05571 | M33: CUMPLE | Q33: =+IF(AND(N41="CUMPLE",O41="CUMPLE",P41="CUMPLE"),"CUMPLE","NO CUMPLE") -> CUMPLE
A34: INTERVENTORIA TECNICA, ADMINISTRATIVA, FINANCIERA LEGAL, SOCIAL Y AMBIENTAL PARA LA CONSERVACION DE LA INFRAESTRUCTURA DEL SISTEMA INTEGRADO DE TRNSPORTE PUBLICO TRONCALES DEL SISTEMA TRANSMILENIO Y RUTAS AUXILIARES ALIMENTADORAS, COMPLEMENTARIAS Y ESPECIALES, TRONCAL AVENIDA NQS, COMPRENDIDA ENTRE LA CALLE 92 Y EL LIMITE CON EL MUNICIPIO DE SOACHA Y RUTAS AUXILIARES, ALIMENTADORAS, COMPLEMENTARIAS Y ESPECIALES, LOCALIDAD DE BOSA Y CIUDAD BOLIVAR EN BOGOTA D.C. (GRUPO) | B34: IDU | D34: 1021656449 | E34: 2014 | F34: =D34/(VLOOKUP(E34,$D$1618:$E$1652,2,FALSE)) -> 1658.5332 | G34: 0.5 | H34: =F34*G34 -> 829.2666 | I34: 41720 | J34: CUMPLE | L34: =SUM(H34:H35) -> 1271.3597 | N34: CUMPLE | O34: CUMPLE | P34: CUMPLE
A35: INTERVENTORIA PARA EL MEJORAMIENTO, GESTION PREDIAL, SOCIAL Y AMBIENTAL DE LA VIA POPAYAN - TOTORO - INZA, RUTA 2602 SECTOR CORDOBA - TOTORO - POPAYAN EN EL DEPARTAMENTO DEL CAUCA PARA EL PROGRAMA "VIAS PARA LA EQUIDAD" | B35: INVIAS | D35: 10041326844 | E35: 2021 | F35: =D35/(VLOOKUP(E35,$D$1618:$E$1652,2,FALSE)) -> 11052.327 | G35: 0.04 | H35: =F35*G35 -> 442.0931 | I35: 44347 | J35: CUMPLE | N35: CUMPLE | O35: NO CUMPLE | P35: NO CUMPLE
A36: =VLOOKUP(A26,'LISTA DE OFERENTES'!$A$4:$H$102,6,FALSE) -> NORTON FERNANDO ARENAS PRADA - 10%
A37: =VLOOKUP(A26,'LISTA DE OFERENTES'!$A$4:$H$102,7,FALSE) -> MCPP INGENIERIA SAS - 55%
A38: INTERVENTORIA PARA LA REHABILITACION Y MEJORAMIENTO DE LA VIA PUENTE CAMACHO - GARAGOA - LAS JUNTAS PR00 + 000 AL PR75 - 000, CON UNA LONGITUD DE 62,7 KM, DEPARTAMENTO DE BOYACA | B38: INVIAS | D38: 7475314282 | E38: 2018 | F38: =D38/(VLOOKUP(E38,$D$1618:$E$1652,2,FALSE)) -> 9568.5003 | G38: 0.3 | H38: =F38*G38 -> 2870.5501 | I38: 43357 | J38: CUMPLE | L38: =SUM(H38:H40) -> 5136.4824 | N38: CUMPLE | O38: CUMPLE | P38: NO CUMPLE
A39: INTERVENTORIA TECNICA, ADMINISTRATIVA, FINANCIERA LEGAL, SOCIAL Y AMBIENTAL PARA LA CONSERVACION DE LA INFRAESTRUCTURA DEL SISTEMA INTEGRADO DE TRNSPORTE PUBLICO TRONCALES DEL SISTEMA TRANSMILENIO Y RUTAS AUXILIARES ALIMENTADORAS, COMPLEMENTARIAS Y ESPECIALES, TRONCAL AVENIDA NQS, COMPRENDIDA ENTRE LA CALLE 92 Y EL LIMITE CON EL MUNICIPIO DE SOACHA Y RUTAS AUXILIARES, ALIMENTADORAS, COMPLEMENTARIAS Y ESPECIALES, LOCALIDAD DE BOSA Y CIUDAD BOLIVAR EN BOGOTA D.C. (GRUPO) | B39: IDU | D39: 1021656449 | E39: 2014 | F39: =D39/(VLOOKUP(E39,$D$1618:$E$1652,2,FALSE)) -> 1658.5332 | G39: 0.3 | H39: =F39*G39 -> 497.55996 | I39: 41720 | J39: CUMPLE | N39: CUMPLE | O39: CUMPLE | P39: CUMPLE
A40: INTERVENTORIA PARA EL MEJORAMIENTO, GESTION PREDIAL, SOCIAL Y AMBIENTAL DE LA VIA POPAYAN - TOTORO - INZA, RUTA 2602 SECTOR CORDOBA - TOTORO - POPAYAN EN EL DEPARTAMENTO DEL CAUCA PARA EL PROGRAMA "VIAS PARA LA EQUIDAD" | B40: INVIAS | D40: 10041326844 | E40: 2021 | F40: =D40/(VLOOKUP(E40,$D$1618:$E$1652,2,FALSE)) -> 11052.327 | G40: 0.16 | H40: =F40*G40 -> 1768.3724 | I40: 44347 | J40: CUMPLE | N40: CUMPLE | O40: NO CUMPLE | P40: NO CUMPLE
A41: TOTALES | F41: =+SUM(F33:F40) -> 34990.222 | H41: =+SUM(H33:H40) -> 6407.8421 | I41: CONCLUSIÓN EXPERIENCIA DEL PROPONENTE | N41: CUMPLE | O41: =IF(_xlfn.XLOOKUP("CUMPLE",O34:O40,O34:O40,"NO CUMPLE",0,1)="CUMPLE","CUMPLE","NO CUMPLE") -> CUMPLE | P41: =IF(_xlfn.XLOOKUP("CUMPLE",P34:P40,P34:P40,"NO CUMPLE",0,1)="CUMPLE","CUMPLE","NO CUMPLE") -> CUMPLE | R41: =+IF(AND(M33="CUMPLE",Q33="CUMPLE"),"HABILITADO","NO HABILITADO") -> HABILITADO
A44: =1+A26 -> 3 | E44: =VLOOKUP(A44,'LISTA DE OFERENTES'!$A$4:$H$102,2,FALSE) -> GRUPO METRO COLOMBIA SAS
A45: NÚMERO DE CONTRATOS PRESENTADOS | B45: 4 | C45: PRESUPUESTO OFICIAL EN SMMLV | D45: =$D$1591 -> 1380.1114
A46: PROMEDIO DE SMMLV | C46: =H57/B45 -> 2578.4218
A47: TERMINO DE EJECUCION EXIGIDO | C47: 45923
A48: TOTAL SALARIOS MINIMOS ACREDITADOS | C48: =+IF(H57>D45,"CUMPLE","NO CUMPLE") -> CUMPLE
A49: CONDICIONES DE EXPERIENCIA | I49: CONDICION N°. 1 (VER TABLA AL FINAL DE LA HOJA) | J49: CONDICION N°. 2 (VER TABLA AL FINAL DE LA HOJA) | K49: CONDICION N°. 4 (VER TABLA AL FINAL DE LA HOJA) | M49: VALIDACIÓN CONDICIONES | N49: CONCLUSIÓN EXPERIENCIA GENERAL | O49: EXPERIENCIA ESPECIFICA 1 INTERVENTORÍA A ACTIVIDADES DE DIAGNOSTICO Y/O ESTUDIOS Y DISEÑOS PARA CONSERVACIÓN DE MALLA VIAL | P49: EXPERIENCIA ESPECIFICA 2 INTERVENTORÍA A INTERVENCIONES DE REDES DE SERVICIOS PUBLICOS | Q49: CONCLUSIÓN ACREDITACIÓN EXPERIENCIA GENERAL, Y EXPERIENCIA ESPECIFICA | R49: OBSERVACIÓN Y RESPUESTA A OBSERVACIONES
A50: Objeto del Contrato | B50: Entidad Contratante | D50: Valor Contrato | E50: Año de ejecución aportado | F50: Valor del Contrato en SMMLV | G50: Participación UT/CONSORCIO | H50: Participación en SMMLV | I50: Término de ejecución aportado | J50: CODIGO UNSPSC SEGMENTOS 80 Y 81 | K50: Valor exigido 50%SMMLV | L50: Valor aportado
A51: =VLOOKUP(A44,'LISTA DE OFERENTES'!$A$4:$H$102,5,FALSE) -> GRUPO METRO COLOMBIA SAS - 100% | K51: =$D$1591*0.5 -> 690.05571 | M51: CUMPLE | Q51: =+IF(AND(N57="CUMPLE",O57="CUMPLE",P57="CUMPLE"),"CUMPLE","NO CUMPLE") -> CUMPLE
A52: INTERVENTORIA TECNICA, ADMINISTRATIVA, FINANCIERA Y AMBIENTAL PARA LA CONSTRUCCION DE LAS OBRAS FALTANTES DE LA AVENIDA JOSE CELESTINO MUTIS, SECTOR AV. BOYACA - AVENIDA CIUDAD DE CALI (PREDIOS FALTANTES) EN BOGOTA D.C. | B52: IDU | D52: 152549000 | E52: 2003 | F52: =D52/(VLOOKUP(E52,$D$1618:$E$1652,2,FALSE)) -> 459.48494 | G52: 0.33 | H52: =F52*G52 -> 151.63003 | I52: 37956 | J52: CUMPLE | L52: =H52 -> 151.63003 | N52: CUMPLE | O52: NO CUMPLE | P52: CUMPLE
A53: INTERVENTORIA TECNICA, ADMINISTRATIVA, FINANCIERA Y AMBIENTAL PARA LA CONSTRUCCIÓN DE LA AVENIDA CIUDAD DE CALI EN EL TRAMO COMPRENDIDO ENTRE LA CALLE 57 B SUR Y LA AVENIDA BOSA EN BOGOTA D.C. | B53: IDU | D53: 394780082 | E53: 2005 | F53: =D53/(VLOOKUP(E53,$D$1618:$E$1652,2,FALSE)) -> 1034.8102 | G53: 1 | H53: =F53*G53 -> 1034.8102 | I53: 38415 | J53: CUMPLE | N53: CUMPLE | O53: NO CUMPLE | P53: CUMPLE
A54: INTERVENTORÍA TÉCNICA, ADMINISTRATIVA, FINANCIERA, LEGAL, SOCIAL Y SEGURIDAD INDUSTRIAL, SALUD OCUPACIONAL Y MEDIO AMBIENTE A LAS OBRAS Y ACTIVIDADES PARA LA CONSERVACIÓN DE LA MALLA VIAL RURAL, GRUPO 2 - ZONA SUR, FASE 1- 2013, A PRECIO GLOBAL CON AJUSTES EN LA CIUDAD DE BOGOTÁ D.C. | B54: IDU | D54: 688935356 | E54: 2014 | F54: 1130.03 | G54: 1 | H54: =F54*G54 -> 1130.03 | I54: 41939 | J54: CUMPLE | N54: NO CUMPLE | O54: NO CUMPLE | P54: NO CUMPLE | R54: El contrato aportado no cumple con lo requerido en el pliego de condiciones 4.1.1. CARACTERÍSTICAS DE LOS CONTRATOS PRESENTADOS PARA ACREDITAR LA EXPERIENCIA DEL PROPONENTE. El objeto del contrato aportado corresponde a MALLA VIAL RURAL y lo solicitado es VIAS URBANAS O PRIMARIAS O SECUNDARIAS.
A55: INTERVENTORÍA TÉCNICA, ADMINISTRATIVA, FINANCIERA, LEGAL, SOCIAL Y AMBIENTAL PARA LA EJECUCIÓN DE OBRAS Y ACTIVIDADES DE CONSERVACIÓN PARA LA MALLA VIAL ARTERIAL E INTERMEDIA EN LAS LOCALIDADES DE RAFAEL URIBE, SAN CRISTOBAL, CANDELARIA Y SANTA FÉ GRUPO 1 Y 2 EN BOGOTÁ D.C. | B55: IDU | D55: 1718355914 | E55: 2014 | F55: =D55/(VLOOKUP(E55,$D$1618:$E$1652,2,FALSE)) -> 2789.5388 | G55: 0.9 | H55: =F55*G55 -> 2510.5849 | I55: 41702 | J55: CUMPLE | N55: CUMPLE | O55: CUMPLE | P55: CUMPLE
A56: INTERVENTORÍA TÉCNICA, ADMINISTRATIVA, FINANCIERA, SOCIAL Y AMBIENTAL PARA LA ADECUACIÓN DE LA CONDICIÓN FUNCIONAL VIAL DE LOS CORREDORES PRETRONCALES Y ALIMENTADORES DEL SISTEMA INTEGRADO DE TRANSPORTE MASIVO SITM – MIO” GRUPOS 1, 2 Y 3 SANTIAGO DE CALI ESPECIFICAMENTE EN LA ETAPA DE CONSTRUCCION Y PRECONSTRUCCION | B56: METRO CALI S.A | D56: 4737162370 | E56: 2015 | F56: =D56/(VLOOKUP(E56,$D$1618:$E$1652,2,FALSE)) -> 7351.8466 | G56: 0.9 | H56: =F56*G56 -> 6616.662 | I56: 42094 | J56: CUMPLE | N56: CUMPLE
A57: TOTALES | F57: =+SUM(F51:F56) -> 12765.711 | H57: =+SUM(H52:H53,H55:H56) -> 10313.687 | I57: CONCLUSIÓN EXPERIENCIA DEL PROPONENTE | N57: CUMPLE | O57: =IF(_xlfn.XLOOKUP("CUMPLE",O52:O56,O52:O56,"NO CUMPLE",0,1)="CUMPLE","CUMPLE","NO CUMPLE") -> CUMPLE | P57: =IF(_xlfn.XLOOKUP("CUMPLE",P52:P56,P52:P56,"NO CUMPLE",0,1)="CUMPLE","CUMPLE","NO CUMPLE") -> CUMPLE | R57: =+IF(AND(M51="CUMPLE",Q51="CUMPLE"),"HABILITADO","NO HABILITADO") -> HABILITADO
A60: =1+A44 -> 4 | E60: =VLOOKUP(A60,'LISTA DE OFERENTES'!$A$4:$H$102,2,FALSE) -> CONSORCIO ECOS KENNEDY 003
A61: NÚMERO DE CONTRATOS PRESENTADOS | B61: 2 | C61: PRESUPUESTO OFICIAL EN SMMLV | D61: =$D$1591 -> 1380.1114
A62: PROMEDIO DE SMMLV | C62: =H71/B61 -> 2829.4829
A63: TERMINO DE EJECUCION EXIGIDO | C63: 45923
A64: TOTAL SALARIOS MINIMOS ACREDITADOS | C64: =+IF(H71>D61,"CUMPLE","NO CUMPLE") -> CUMPLE
A65: CONDICIONES DE EXPERIENCIA | I65: CONDICION N°. 1 (VER TABLA AL FINAL DE LA HOJA) | J65: CONDICION N°. 2 (VER TABLA AL FINAL DE LA HOJA) | K65: CONDICION N°. 4 (VER TABLA AL FINAL DE LA HOJA) | M65: VALIDACIÓN CONDICIONES | N65: CONCLUSIÓN EXPERIENCIA GENERAL | O65: EXPERIENCIA ESPECIFICA 1 INTERVENTORÍA A ACTIVIDADES DE DIAGNOSTICO Y/O ESTUDIOS Y DISEÑOS PARA CONSERVACIÓN DE MALLA VIAL | P65: EXPERIENCIA ESPECIFICA 2 INTERVENTORÍA A INTERVENCIONES DE REDES DE SERVICIOS PUBLICOS | Q65: CONCLUSIÓN ACREDITACIÓN EXPERIENCIA GENERAL, Y EXPERIENCIA ESPECIFICA | R65: OBSERVACIÓN Y RESPUESTA A OBSERVACIONES
A66: Objeto del Contrato | B66: Entidad Contratante | D66: Valor Contrato | E66: Año de ejecución aportado | F66: Valor del Contrato en SMMLV | G66: Participación UT/CONSORCIO | H66: Participación en SMMLV | I66: Término de ejecución aportado | J66: CODIGO UNSPSC SEGMENTOS 80 Y 81 | K66: Valor exigido 50%SMMLV | L66: Valor aportado
A67: =VLOOKUP(A60,'LISTA DE OFERENTES'!$A$4:$H$102,5,FALSE) -> ESTRUCTURADOR COLOMBIA SAS - 50% | K67: =$D$1591*0.5 -> 690.05571 | M67: CUMPLE | Q67: =+IF(AND(N71="CUMPLE",O71="CUMPLE",P71="CUMPLE"),"CUMPLE","NO CUMPLE") -> CUMPLE
A68: INTERVENTORÍA A LA EJECUCIÓN DE LAS OBRAS Y ACTIVIDADES NECESARIAS PARA LA CONSERVACIÓN DE LA MALLA VIAL ARTERIAL NO TRONCAL, EN LA CIUDAD DE BOGOTÁ D.C. GRUPO 3 | B68: IDU | D68: 8012973426 | E68: 2024 | F68: =D68/(VLOOKUP(E68,$D$1618:$E$1652,2,FALSE)) -> 6163.8257 | G68: 0.5 | H68: =F68*G68 -> 3081.9129 | I68: 45649 | J68: CUMPLE | L68: =H68 -> 3081.9129 | N68: CUMPLE | O68: CUMPLE | P68: NO CUMPLE
A69: =VLOOKUP(A60,'LISTA DE OFERENTES'!$A$4:$H$102,6,FALSE) -> ECOSENDA SAS - 50%
A70: INTERVENTORÍA TÉCNICA, ADMINISTRATIVA, JURÍDICA, AMBIENTAL Y CONTABLE PARA LA CONSTRUCCIÓN DE LA ETAPA I DE LA VÍA DISTRIBUIDORA PARALELA A LA VÍA REGIONAL SUR, EN LA JURISDICCIÓN DE LOS MUNICIPIOS DE ENVIGADO Y SABANETA - DEPARTAMENTO DE ANTIOQUIA | B70: AREA METROPOLITANA DEL VALLE DE ABURRÁ | D70: 5655362196 | E70: 2020 | F70: =D70/(VLOOKUP(E70,$D$1618:$E$1652,2,FALSE)) -> 6442.6326 | G70: 0.4 | H70: =F70*G70 -> 2577.053 | I70: 44143 | J70: CUMPLE | L70: =H70 -> 2577.053 | N70: CUMPLE | O70: NO CUMPLE | P70: CUMPLE
A71: TOTALES | F71: =+SUM(F67:F70) -> 12606.458 | H71: =+SUM(H67:H70) -> 5658.9659 | I71: CONCLUSIÓN EXPERIENCIA DEL PROPONENTE | N71: CUMPLE | O71: =IF(_xlfn.XLOOKUP("CUMPLE",O68:O70,O68:O70,"NO CUMPLE",0,1)="CUMPLE","CUMPLE","NO CUMPLE") -> CUMPLE | P71: =IF(_xlfn.XLOOKUP("CUMPLE",P68:P70,P68:P70,"NO CUMPLE",0,1)="CUMPLE","CUMPLE","NO CUMPLE") -> CUMPLE | R71: =+IF(AND(M67="CUMPLE",Q67="CUMPLE"),"HABILITADO","NO HABILITADO") -> HABILITADO
A74: =1+A60 -> 5 | E74: =VLOOKUP(A74,'LISTA DE OFERENTES'!$A$4:$H$102,2,FALSE) -> COMPAÑÍA DE PROYECTOS TECNICOS CPT S.A
A75: NÚMERO DE CONTRATOS PRESENTADOS | B75: 3 | C75: PRESUPUESTO OFICIAL EN SMMLV | D75: =$D$1591 -> 1380.1114
A76: PROMEDIO DE SMMLV | C76: =H85/B75 -> 2554.2574
A77: TERMINO DE EJECUCION EXIGIDO | C77: 45923
A78: TOTAL SALARIOS MINIMOS ACREDITADOS | C78: =+IF(H85>D75,"CUMPLE","NO CUMPLE") -> CUMPLE
A79: CONDICIONES DE EXPERIENCIA | I79: CONDICION N°. 1 (VER TABLA AL FINAL DE LA HOJA) | J79: CONDICION N°. 2 (VER TABLA AL FINAL DE LA HOJA) | K79: CONDICION N°. 4 (VER TABLA AL FINAL DE LA HOJA) | M79: VALIDACIÓN CONDICIONES | N79: CONCLUSIÓN EXPERIENCIA GENERAL | O79: EXPERIENCIA ESPECIFICA 1 INTERVENTORÍA A ACTIVIDADES DE DIAGNOSTICO Y/O ESTUDIOS Y DISEÑOS PARA CONSERVACIÓN DE MALLA VIAL | P79: EXPERIENCIA ESPECIFICA 2 INTERVENTORÍA A INTERVENCIONES DE REDES DE SERVICIOS PUBLICOS | Q79: CONCLUSIÓN ACREDITACIÓN EXPERIENCIA GENERAL, Y EXPERIENCIA ESPECIFICA | R79: OBSERVACIÓN Y RESPUESTA A OBSERVACIONES
A80: Objeto del Contrato | B80: Entidad Contratante | D80: Valor Contrato | E80: Año de ejecución aportado | F80: Valor del Contrato en SMMLV | G80: Participación UT/CONSORCIO | H80: Participación en SMMLV | I80: Término de ejecución aportado | J80: CODIGO UNSPSC SEGMENTOS 80 Y 81 | K80: Valor exigido 50%SMMLV | L80: Valor aportado
A81: =VLOOKUP(A74,'LISTA DE OFERENTES'!$A$4:$H$102,5,FALSE) -> COMPAÑÍA DE PROYECTOS TECNICOS CPT S.A - 100% | K81: =$D$1591*0.5 -> 690.05571 | M81: CUMPLE | Q81: =+IF(AND(N85="CUMPLE",O85="CUMPLE",P85="CUMPLE"),"CUMPLE","NO CUMPLE") -> CUMPLE
A82: INTERVENTORÍA, TÉCNICA, JURDICA, FINANCIERA SOCIAL, AMBIENTAL Y DE SEGURDAD Y SALUD EN EL TRABAJO AL CONTRATO” CUYO OBJETO ES: “REALIZAR LAS OBRAS DE CONSERVACIÓN DE LA MALLA VIAL EN LA LOCALIDAD DE USAQUÉN Y SUESPACIO PÚBLICO, EN BOGOTÁ D.C. ATRAVÉS DEL SISTEMA DE PRECIOS UNITARIOS FIJOS Y A MONTO AGOTABLE | B82: FONDO DE DESARROLLO LOCAL DE USAQUEN | D82: 1890595249 | E82: 2020 | F82: =D82/(VLOOKUP(E82,$D$1618:$E$1652,2,FALSE)) -> 2153.7808 | G82: 1 | H82: =F82*G82 -> 2153.7808 | I82: 44148 | J82: CUMPLE | L82: =SUM(H82:H84) -> 7662.7721 | N82: CUMPLE | O82: CUMPLE | P82: CUMPLE
A83: Interventora técnica, administrativa, financera y ambiental para el mantenimiento correctivo y peródico de la carretera Bogotá - Choachí desde el K2+000 al K13+000, en Bogotá D.C | B83: IDU | D83: 1787879811 | E83: 2009 | F83: =D83/(VLOOKUP(E83,$D$1618:$E$1652,2,FALSE)) -> 3598.0676 | G83: 1 | H83: =F83*G83 -> 3598.0676 | I83: 40087 | J83: CUMPLE | N83: CUMPLE | O83: NO CUMPLE | P83: NO CUMPLE
A84: Interventora para el mantenimiento y rehabilitación de las carreteras San Juan de Pasto Mojarras, Sector Cano Mojarras Ruta 25 Tramo 2502 y Cebadal Sandona Pasto Sector la Florida Pasto, Ruta 2501B Departamento de Nariño | B84: INVIAS | D84: 5.0672919e+09 | E84: 2016 | F84: =D84/(VLOOKUP(E84,$D$1618:$E$1652,2,FALSE)) -> 7349.7065 | G84: 0.26 | H84: =F84*G84 -> 1910.9237 | I84: 42564 | J84: CUMPLE | N84: CUMPLE | O84: CUMPLE | P84: NO CUMPLE
A85: TOTALES | F85: =+SUM(F81:F84) -> 13101.555 | H85: =+SUM(H81:H84) -> 7662.7721 | I85: CONCLUSIÓN EXPERIENCIA DEL PROPONENTE | N85: CUMPLE | O85: =IF(_xlfn.XLOOKUP("CUMPLE",O82:O84,O82:O84,"NO CUMPLE",0,1)="CUMPLE","CUMPLE","NO CUMPLE") -> CUMPLE | P85: =IF(_xlfn.XLOOKUP("CUMPLE",P82:P84,P82:P84,"NO CUMPLE",0,1)="CUMPLE","CUMPLE","NO CUMPLE") -> CUMPLE | R85: =+IF(AND(M81="CUMPLE",Q81="CUMPLE"),"HABILITADO","NO HABILITADO") -> HABILITADO
A88: =1+A74 -> 6 | E88: =VLOOKUP(A88,'LISTA DE OFERENTES'!$A$4:$H$102,2,FALSE) -> CONSORCIO INTERMALLA VIAL LK
A89: NÚMERO DE CONTRATOS PRESENTADOS | B89: 5 | C89: PRESUPUESTO OFICIAL EN SMMLV | D89: =$D$1591 -> 1380.1114
A90: PROMEDIO DE SMMLV | C90: =H102/B89 -> 3032.336
A91: TERMINO DE EJECUCION EXIGIDO | C91: 45923
A92: TOTAL SALARIOS MINIMOS ACREDITADOS | C92: =+IF(H102>D89,"CUMPLE","NO CUMPLE") -> CUMPLE
A93: CONDICIONES DE EXPERIENCIA | I93: CONDICION N°. 1 (VER TABLA AL FINAL DE LA HOJA) | J93: CONDICION N°. 2 (VER TABLA AL FINAL DE LA HOJA) | K93: CONDICION N°. 4 (VER TABLA AL FINAL DE LA HOJA) | M93: VALIDACIÓN CONDICIONES | N93: CONCLUSIÓN EXPERIENCIA GENERAL | O93: EXPERIENCIA ESPECIFICA 1 INTERVENTORÍA A ACTIVIDADES DE DIAGNOSTICO Y/O ESTUDIOS Y DISEÑOS PARA CONSERVACIÓN DE MALLA VIAL | P93: EXPERIENCIA ESPECIFICA 2 INTERVENTORÍA A INTERVENCIONES DE REDES DE SERVICIOS PUBLICOS | Q93: CONCLUSIÓN ACREDITACIÓN EXPERIENCIA GENERAL, Y EXPERIENCIA ESPECIFICA | R93: OBSERVACIÓN Y RESPUESTA A OBSERVACIONES
A94: Objeto del Contrato | B94: Entidad Contratante | D94: Valor Contrato | E94: Año de ejecución aportado | F94: Valor del Contrato en SMMLV | G94: Participación UT/CONSORCIO | H94: Participación en SMMLV | I94: Término de ejecución aportado | J94: CODIGO UNSPSC SEGMENTOS 80 Y 81 | K94: Valor exigido 50%SMMLV | L94: Valor aportado
A95: =VLOOKUP(A88,'LISTA DE OFERENTES'!$A$4:$H$102,5,FALSE) -> ECG INGENIERÍA SAS - 50% | K95: =$D$1591*0.5 -> 690.05571 | M95: CUMPLE | Q95: =+IF(AND(N102="CUMPLE",O102="CUMPLE",P102="CUMPLE"),"CUMPLE","NO CUMPLE") -> CUMPLE
A96: ASISTENCIA TÉCNICA PARA EL CONTROL Y VIGILANCIA DE LAS OBRA "MEJORA DE LA MOVILIDAD URBANA EN EL ENTORNO DEL ALCANCE DE LA AUTOPISTA R-3 CON LA M-40: CONEXIÓN AVENIDA DE DAROCA CON O´DONNELL" | B96: MINISTERIO DE FOMENTO | D96: - | E96: 2009 | F96: 2633.44 | G96: 1 | H96: =F96*G96 -> 2633.44 | I96: 40083 | J96: CUMPLE | L96: =SUM(H96:H97) -> 9726 | N96: CUMPLE | O96: NO CUMPLE | P96: NO CUMPLE
A97: ASISTENCIA TÉCNICA (INTERVENTORIA) PARA EL CONTROL Y VIGILANCIA DE LAS OBRAS AUTOVÍA RUTA DE LA PLATA A-66, DE GIJÓN A SEVILLA, P.K.360 AL 376. TRAMO: CUATRO CALZADAS - MONTEJO, PROVINCIA DE SALAMANCA | B97: MINISTERIO DE FOMENTO | D97: - | E97: 2009 | F97: 7092.56 | G97: 1 | H97: =F97*G97 -> 7092.56 | I97: 40136 | J97: CUMPLE | N97: CUMPLE | O97: NO CUMPLE | P97: NO CUMPLE
A98: =VLOOKUP(A88,'LISTA DE OFERENTES'!$A$4:$H$102,6,FALSE) -> INGENIERIA Y CONSULTORIA INGECON SAS - 50%
A99: Interventoría técnica, adminsitrativa, financiera y ambiental para la construcción y conservación de accesos a barrios y pavimentos locales, programa de mejoramiento integral de barrios en la localidad de Bosa, Grupo 2. en Bogotá D.C. | B99: IDU | D99: 667422218 | E99: 2008 | F99: =D99/(VLOOKUP(E99,$D$1618:$E$1652,2,FALSE)) -> 1446.202 | G99: 0.65 | H99: =F99*G99 -> 940.03129 | I99: 39472 | J99: CUMPLE | L99: =SUM(H99:H101) -> 5435.68 | N99: CUMPLE | O99: NO CUMPLE | P99: CUMPLE
A100: Interventoría para el mejoramiento y pavimentación de la carretera Santa Cecilia - Pueblo Rico - Apia, Ruta 5003 | B100: INVIAS | D100: 2.0522031e+09 | E100: 2009 | F100: =D100/(VLOOKUP(E100,$D$1618:$E$1652,2,FALSE)) -> 4130.0122 | G100: 1 | H100: =F100*G100 -> 4130.0122 | I100: 40147 | J100: CUMPLE | N100: CUMPLE | O100: NO CUMPLE | P100: NO CUMPLE
A101: Interventoria, financiera, administrativa, tecnica, ambiental, social y SISO del contrato de obra que resulte del proceso licitatorio No. FDLP-LP-018-2015 el que haga sus veces que tiene por objeto "La realización por el Sistema de precios unitarios fijos sin formula de ajuste, las obras y actividades para, Construcción, Rehabilitación y la Conservación, de la Malla Vial en la Localidad de Fontibón, de acuerdo con las descripciones y especificaciones técnicas requeridas" | B101: FDLF | D101: 504179809 | E101: 2016 | F101: =D101/(VLOOKUP(E101,$D$1618:$E$1652,2,FALSE)) -> 731.27298 | G101: 0.5 | H101: =F101*G101 -> 365.63649 | I101: 42694 | J101: CUMPLE | N101: CUMPLE | O101: CUMPLE | P101: CUMPLE
A102: TOTALES | F102: =+SUM(F95:F101) -> 16033.487 | H102: =+SUM(H95:H101) -> 15161.68 | I102: CONCLUSIÓN EXPERIENCIA DEL PROPONENTE | N102: CUMPLE | O102: =IF(_xlfn.XLOOKUP("CUMPLE",O96:O101,O96:O101,"NO CUMPLE",0,1)="CUMPLE","CUMPLE","NO CUMPLE") -> CUMPLE | P102: =IF(_xlfn.XLOOKUP("CUMPLE",P96:P101,P96:P101,"NO CUMPLE",0,1)="CUMPLE","CUMPLE","NO CUMPLE") -> CUMPLE | R102: =+IF(AND(M95="CUMPLE",Q95="CUMPLE"),"HABILITADO","NO HABILITADO") -> HABILITADO
A105: =1+A88 -> 7 | E105: =VLOOKUP(A105,'LISTA DE OFERENTES'!$A$4:$H$102,2,FALSE) -> SADING GROUP S.A.S
A106: NÚMERO DE CONTRATOS PRESENTADOS | B106: 3 | C106: PRESUPUESTO OFICIAL EN SMMLV | D106: =$D$1591 -> 1380.1114
A107: PROMEDIO DE SMMLV | C107: =H116/B106 -> 2803.2848
A108: TERMINO DE EJECUCION EXIGIDO | C108: 45923
A109: TOTAL SALARIOS MINIMOS ACREDITADOS | C109: =+IF(H116>D106,"CUMPLE","NO CUMPLE") -> CUMPLE
A110: CONDICIONES DE EXPERIENCIA | I110: CONDICION N°. 1 (VER TABLA AL FINAL DE LA HOJA) | J110: CONDICION N°. 2 (VER TABLA AL FINAL DE LA HOJA) | K110: CONDICION N°. 4 (VER TABLA AL FINAL DE LA HOJA) | M110: VALIDACIÓN CONDICIONES | N110: CONCLUSIÓN EXPERIENCIA GENERAL | O110: EXPERIENCIA ESPECIFICA 1 INTERVENTORÍA A ACTIVIDADES DE DIAGNOSTICO Y/O ESTUDIOS Y DISEÑOS PARA CONSERVACIÓN DE MALLA VIAL | P110: EXPERIENCIA ESPECIFICA 2 INTERVENTORÍA A INTERVENCIONES DE REDES DE SERVICIOS PUBLICOS | Q110: CONCLUSIÓN ACREDITACIÓN EXPERIENCIA GENERAL, Y EXPERIENCIA ESPECIFICA | R110: OBSERVACIÓN Y RESPUESTA A OBSERVACIONES
A111: Objeto del Contrato | B111: Entidad Contratante | D111: Valor Contrato | E111: Año de ejecución aportado | F111: Valor del Contrato en SMMLV | G111: Participación UT/CONSORCIO | H111: Participación en SMMLV | I111: Término de ejecución aportado | J111: CODIGO UNSPSC SEGMENTOS 80 Y 81 | K111: Valor exigido 50%SMMLV | L111: Valor aportado
A112: =VLOOKUP(A105,'LISTA DE OFERENTES'!$A$4:$H$102,5,FALSE) -> SADING GROUP S.A.S - 100% | K112: =$D$1591*0.5 -> 690.05571 | M112: CUMPLE | Q112: =+IF(AND(N116="CUMPLE",O116="CUMPLE",P116="CUMPLE"),"CUMPLE","NO CUMPLE") -> CUMPLE
A113: Interventoria tecnica, ambiental, administrativa, financiera y legal para la construccion de la doble calzada desde el intercambio de la carrera 80 hasta el empalme con la via de acceso oriental del Tunel Fernando Gomez Martinez en el sector de Loma Hermosa y obras complementarias (CONEXION VIAL GUILLERMO GAVIRIA CORREA) | B113: Gobernación de Antioquia | D113: 7807794931 | E113: 2016 | F113: 11240.03 | G113: 0.25 | H113: =F113*G113 -> 2810.0075 | I113: 42734 | J113: CUMPLE | L113: =H113 -> 2810.0075 | N113: CUMPLE | O113: NO CUMPLE | P113: CUMPLE
A114: Interventoría para el mantenimiento y rehabilitación de la vía 4001 buenaventura - loboguerrero del pr 0+0800 (sector f8) al pr 15+0000 (sector citronela), Municipio De Buenaventura En El Departamento Del Valle Del Cauca | B114: INVIAS | D114: 3939067664 | E114: 2021 | F114: =D114/(VLOOKUP(E114,$D$1618:$E$1652,2,FALSE)) -> 4335.6686 | G114: 0.4 | H114: =F114*G114 -> 1734.2674 | I114: 44497 | J114: CUMPLE | L114: =H114 -> 1734.2674 | N114: CUMPLE | O114: CUMPLE | P114: CUMPLE
A115: Interventoría técnica, administrativa, jurídica, ambiental y contable para la construcción de la etapa I de la vía distribuidora paralela a la vía regional sur, en la jurisdicción de los Municipios De Envigado Y Sabaneta - Departamento De Antioquia. | B115: AREA METROPOLITANA DEL VALLE DE ABURRÁ | D115: 5655362196 | E115: 2020 | F115: =D115/(VLOOKUP(E115,$D$1618:$E$1652,2,FALSE)) -> 6442.6326 | G115: 0.6 | H115: =F115*G115 -> 3865.5795 | I115: 44078 | J115: CUMPLE | L115: =H115 -> 3865.5795 | N115: CUMPLE | O115: NO CUMPLE | P115: CUMPLE
...

Sheet REQUISITOS HAB. TECNICOS
A1: FONDO DE DESARROLLO LOCAL DE KENNEDY | I1: CUMPLE
A2: FDLK-CMA-003-2025 | I2: NO CUMPLE
A3: REQUISITOS HABILITANTES TÉCNICOS
A4: REALIZAR LA INTERVENTORIA, TECNICA, ADMINISTRATIVA, JURIDICA, FINANCIERA, SOCIAL, AMBIENTAL Y DE SEGURIDAD Y SALUD EN EL TRABAJO AL CONTRATO QUE TIENE COMO OBJETO "REALIZAR LAS OBRAS DE CONSERVACIÓN DE LA MALLA VIAL Y ESPACIO PÚBLICO ASOCIADO EN LA LOCALIDAD DE KENNEDY, BOGOTÁ, D.C. A TRAVÉS DEL SISTEMA DE PRECIOS UNITARIOS FIJOS Y A MONTO AGOTABLE
A5: No. | B5: OFERENTE | C5: FORMATO 8 - ACEPTACIÓN Y CUMPLIMIENTO PERSONAL CLAVE | D5: EXIGENCIA MINIMA DE LA EXPERIENCIA | E5: OFERTA ECONOMICA | F5: CONSOLIDADO | G5: OBSERVACIONES
A6: 1 | B6: =+VLOOKUP(A6,'LISTA DE OFERENTES'!$A$4:$B$102,2,FALSE) -> CONSORCIO INGESCOR R 8 | C6: CUMPLE | D6: CUMPLE | E6: CUMPLE | F6: =+IF(AND(C6="CUMPLE",D6="CUMPLE",E6="CUMPLE"),"CUMPLE","NO CUMPLE") -> CUMPLE
A7: 2 | B7: =+VLOOKUP(A7,'LISTA DE OFERENTES'!$A$4:$B$102,2,FALSE) -> CONSORCIO INTER 3A | C7: CUMPLE | D7: CUMPLE | E7: CUMPLE | F7: =+IF(AND(C7="CUMPLE",D7="CUMPLE",E7="CUMPLE"),"CUMPLE","NO CUMPLE") -> CUMPLE
A8: 3 | B8: =+VLOOKUP(A8,'LISTA DE OFERENTES'!$A$4:$B$102,2,FALSE) -> GRUPO METRO COLOMBIA SAS | C8: CUMPLE | D8: CUMPLE | E8: CUMPLE | F8: =+IF(AND(C8="CUMPLE",D8="CUMPLE",E8="CUMPLE"),"CUMPLE","NO CUMPLE") -> CUMPLE
A9: 4 | B9: =+VLOOKUP(A9,'LISTA DE OFERENTES'!$A$4:$B$102,2,FALSE) -> CONSORCIO ECOS KENNEDY 003 | C9: CUMPLE | D9: CUMPLE | E9: CUMPLE | F9: =+IF(AND(C9="CUMPLE",D9="CUMPLE",E9="CUMPLE"),"CUMPLE","NO CUMPLE") -> CUMPLE
A10: 5 | B10: =+VLOOKUP(A10,'LISTA DE OFERENTES'!$A$4:$B$102,2,FALSE) -> COMPAÑÍA DE PROYECTOS TECNICOS CPT S.A | C10: CUMPLE | D10: CUMPLE | E10: CUMPLE | F10: =+IF(AND(C10="CUMPLE",D10="CUMPLE",E10="CUMPLE"),"CUMPLE","NO CUMPLE") -> CUMPLE
A11: 6 | B11: =+VLOOKUP(A11,'LISTA DE OFERENTES'!$A$4:$B$102,2,FALSE) -> CONSORCIO INTERMALLA VIAL LK | C11: CUMPLE | D11: CUMPLE | E11: CUMPLE | F11: =+IF(AND(C11="CUMPLE",D11="CUMPLE",E11="CUMPLE"),"CUMPLE","NO CUMPLE") -> CUMPLE
A12: 7 | B12: =+VLOOKUP(A12,'LISTA DE OFERENTES'!$A$4:$B$102,2,FALSE) -> SADING GROUP S.A.S | C12: CUMPLE | D12: CUMPLE | E12: CUMPLE | F12: =+IF(AND(C12="CUMPLE",D12="CUMPLE",E12="CUMPLE"),"CUMPLE","NO CUMPLE") -> CUMPLE
A13: 8 | B13: =+VLOOKUP(A13,'LISTA DE OFERENTES'!$A$4:$B$102,2,FALSE) -> CONSORCIO INTERKENNEDY AI | C13: CUMPLE | D13: CUMPLE | E13: CUMPLE | F13: =+IF(AND(C13="CUMPLE",D13="CUMPLE",E13="CUMPLE"),"CUMPLE","NO CUMPLE") -> CUMPLE
A14: 9 | B14: =+VLOOKUP(A14,'LISTA DE OFERENTES'!$A$4:$B$102,2,FALSE) -> CONSORCIO KENNEDY003 | C14: CUMPLE | D14: CUMPLE | E14: CUMPLE | F14: =+IF(AND(C14="CUMPLE",D14="CUMPLE",E14="CUMPLE"),"CUMPLE","NO CUMPLE") -> CUMPLE
A15: 10 | B15: =+VLOOKUP(A15,'LISTA DE OFERENTES'!$A$4:$B$102,2,FALSE) -> CIVING INGENIEROS CONTRATISTAS S.A.S | C15: CUMPLE | D15: CUMPLE | E15: CUMPLE | F15: =+IF(AND(C15="CUMPLE",D15="CUMPLE",E15="CUMPLE"),"CUMPLE","NO CUMPLE") -> CUMPLE
A16: 11 | B16: =+VLOOKUP(A16,'LISTA DE OFERENTES'!$A$4:$B$102,2,FALSE) -> CONSORCIO EMPRESARIAL | C16: CUMPLE | D16: CUMPLE | E16: CUMPLE | F16: =+IF(AND(C16="CUMPLE",D16="CUMPLE",E16="CUMPLE"),"CUMPLE","NO CUMPLE") -> CUMPLE
A17: 12 | B17: =+VLOOKUP(A17,'LISTA DE OFERENTES'!$A$4:$B$102,2,FALSE) -> CONSORCIO KENNEDY INTERESVIAL | C17: CUMPLE | D17: CUMPLE | E17: CUMPLE | F17: =+IF(AND(C17="CUMPLE",D17="CUMPLE",E17="CUMPLE"),"CUMPLE","NO CUMPLE") -> CUMPLE
... A33: 28 | B33: =+VLOOKUP(A33,'LISTA DE OFERENTES'!$A$4:$B$102,2,FALSE) -> CONSORCIO SERBET KENNEDY | C33: CUMPLE | D33: CUMPLE | E33: CUMPLE | F33: =+IF(AND(C33="CUMPLE",D33="CUMPLE",E33="CUMPLE"),"CUMPLE","NO CUMPLE") -> CUMPLE
A34: 29 | B34: =+VLOOKUP(A34,'LISTA DE OFERENTES'!$A$4:$B$102,2,FALSE) -> INTERLAB INGENIERIA S.A.S | C34: CUMPLE | D34: CUMPLE | E34: NO CUMPLE | F34: =+IF(AND(C34="CUMPLE",D34="CUMPLE",E34="CUMPLE"),"CUMPLE","NO CUMPLE") -> NO CUMPLE | G34: EL OFERENTE NO APORTA LA OFERTA EN EL FORMULARIO 1. PROPUESTA ECONÓMICA, INCLUIDO EN EL PRESENTE PROCESO DE SELECCIÓN ESTIPULADO POR LA ENTIDAD Y PUBLICADO EN LA PLATAFORMA SECOP II
A35: 30 | B35: =+VLOOKUP(A35,'LISTA DE OFERENTES'!$A$4:$B$102,2,FALSE) -> CONSORCIO KENNEDY 2025 | C35: CUMPLE | D35: CUMPLE | E35: CUMPLE | F35: =+IF(AND(C35="CUMPLE",D35="CUMPLE",E35="CUMPLE"),"CUMPLE","NO CUMPLE") -> CUMPLE
A36: 31 | B36: =+VLOOKUP(A36,'LISTA DE OFERENTES'!$A$4:$B$102,2,FALSE) -> MGC VIAS KENNEDY. | C36: CUMPLE | D36: CUMPLE | E36: CUMPLE | F36: =+IF(AND(C36="CUMPLE",D36="CUMPLE",E36="CUMPLE"),"CUMPLE","NO CUMPLE") -> CUMPLE
A37: 32 | B37: =+VLOOKUP(A37,'LISTA DE OFERENTES'!$A$4:$B$102,2,FALSE) -> CONSORCIO TECNOLOGICO 11. | C37: CUMPLE | D37: CUMPLE | E37: CUMPLE | F37: =+IF(AND(C37="CUMPLE",D37="CUMPLE",E37="CUMPLE"),"CUMPLE","NO CUMPLE") -> CUMPLE
A38: 33 | B38: =+VLOOKUP(A38,'LISTA DE OFERENTES'!$A$4:$B$102,2,FALSE) -> CONSORCIO INTERPROVIAL KENNEDY | C38: CUMPLE | D38: CUMPLE | E38: CUMPLE | F38: =+IF(AND(C38="CUMPLE",D38="CUMPLE",E38="CUMPLE"),"CUMPLE","NO CUMPLE") -> CUMPLE
A39: 34 | B39: =+VLOOKUP(A39,'LISTA DE OFERENTES'!$A$4:$B$102,2,FALSE) -> CONSORCIO TECHOTIBA. | C39: CUMPLE | D39: CUMPLE | E39: CUMPLE | F39: =+IF(AND(C39="CUMPLE",D39="CUMPLE",E39="CUMPLE"),"CUMPLE","NO CUMPLE") -> CUMPLE
A40: 35 | B40: =+VLOOKUP(A40,'LISTA DE OFERENTES'!$A$4:$B$102,2,FALSE) -> IAR PROYECTOS SAS | C40: CUMPLE | D40: CUMPLE | E40: CUMPLE | F40: =+IF(AND(C40="CUMPLE",D40="CUMPLE",E40="CUMPLE"),"CUMPLE","NO CUMPLE") -> CUMPLE
A41: 36 | B41: =+VLOOKUP(A41,'LISTA DE OFERENTES'!$A$4:$B$102,2,FALSE) -> CONSORCIO INTERURBANO | C41: CUMPLE | D41: CUMPLE | E41: CUMPLE | F41: =+IF(AND(C41="CUMPLE",D41="CUMPLE",E41="CUMPLE"),"CUMPLE","NO CUMPLE") -> CUMPLE
A42: 37 | B42: =+VLOOKUP(A42,'LISTA DE OFERENTES'!$A$4:$B$102,2,FALSE) -> CONSORCIO INTERVIAL KENNEDY. | C42: CUMPLE | D42: CUMPLE | E42: CUMPLE | F42: =+IF(AND(C42="CUMPLE",D42="CUMPLE",E42="CUMPLE"),"CUMPLE","NO CUMPLE") -> CUMPLE
A43: 38 | B43: =+VLOOKUP(A43,'LISTA DE OFERENTES'!$A$4:$B$102,2,FALSE) -> CONSORCIO SPL INGENIERÍA 78 | C43: CUMPLE | D43: CUMPLE | E43: CUMPLE | F43: =+IF(AND(C43="CUMPLE",D43="CUMPLE",E43="CUMPLE"),"CUMPLE","NO CUMPLE") -> CUMPLE
A44: 39 | B44: =+VLOOKUP(A44,'LISTA DE OFERENTES'!$A$4:$B$102,2,FALSE) -> CONSORCIO VIAL TAED KENNEDY | C44: CUMPLE | D44: CUMPLE | E44: CUMPLE | F44: =+IF(AND(C44="CUMPLE",D44="CUMPLE",E44="CUMPLE"),"CUMPLE","NO CUMPLE") -> CUMPLE
A45: 40 | B45: =+VLOOKUP(A45,'LISTA DE OFERENTES'!$A$4:$B$102,2,FALSE) -> CONSORCIO CONEXIÓN VIAL KENNEDY. | C45: CUMPLE | D45: CUMPLE | E45: CUMPLE | F45: =+IF(AND(C45="CUMPLE",D45="CUMPLE",E45="CUMPLE"),"CUMPLE","NO CUMPLE") -> CUMPLE
A46: 41 | B46: =+VLOOKUP(A46,'LISTA DE OFERENTES'!$A$4:$B$102,2,FALSE) -> CB INGENIEROS S.A.S | C46: CUMPLE | D46: CUMPLE | E46: CUMPLE | F46: =+IF(AND(C46="CUMPLE",D46="CUMPLE",E46="CUMPLE"),"CUMPLE","NO CUMPLE") -> CUMPLE
... A99: 94 | B99: =+VLOOKUP(A99,'LISTA DE OFERENTES'!$A$4:$B$102,2,FALSE) -> CONSORCIO VIAS LOCALES AEPRO | C99: CUMPLE | D99: CUMPLE | E99: CUMPLE | F99: =+IF(AND(C99="CUMPLE",D99="CUMPLE",E99="CUMPLE"),"CUMPLE","NO CUMPLE") -> CUMPLE
A100: 95 | B100: =+VLOOKUP(A100,'LISTA DE OFERENTES'!$A$4:$B$102,2,FALSE) -> CONSORCIO INTEGRAL KENNEDY | C100: CUMPLE | D100: NO CUMPLE | E100: CUMPLE | F100: =+IF(AND(C100="CUMPLE",D100="CUMPLE",E100="CUMPLE"),"CUMPLE","NO CUMPLE") -> NO CUMPLE | G100: El proponente no aporta el documento consorcial para poder llevar a cabo la evaluación técnica.
A101: 96 | B101: =+VLOOKUP(A101,'LISTA DE OFERENTES'!$A$4:$B$102,2,FALSE) -> CONSORCIO INTERVENTORÍA COANDINA | C101: CUMPLE | D101: CUMPLE | E101: CUMPLE | F101: =+IF(AND(C101="CUMPLE",D101="CUMPLE",E101="CUMPLE"),"CUMPLE","NO CUMPLE") -> CUMPLE
A102: 97 | B102: =+VLOOKUP(A102,'LISTA DE OFERENTES'!$A$4:$B$102,2,FALSE) -> CONSORCIO GAB VIAL KENNEDY | C102: CUMPLE | D102: CUMPLE | E102: CUMPLE | F102: =+IF(AND(C102="CUMPLE",D102="CUMPLE",E102="CUMPLE"),"CUMPLE","NO CUMPLE") -> CUMPLE
A103: 98 | B103: =+VLOOKUP(A103,'LISTA DE OFERENTES'!$A$4:$B$102,2,FALSE) -> CONSORCIO INT CONSERVACION 2025 | C103: CUMPLE | D103: CUMPLE | E103: CUMPLE | F103: =+IF(AND(C103="CUMPLE",D103="CUMPLE",E103="CUMPLE"),"CUMPLE","NO CUMPLE") -> CUMPLE
A104: 99 | B104: =+VLOOKUP(A104,'LISTA DE OFERENTES'!$A$4:$B$102,2,FALSE) -> CONSORCIO INTERKENNEDY 2025 | C104: CUMPLE | D104: CUMPLE | E104: CUMPLE | F104: =+IF(AND(C104="CUMPLE",D104="CUMPLE",E104="CUMPLE"),"CUMPLE","NO CUMPLE") -> CUMPLE

Sheet RESUMEN EVALUACIÓN
A1: FONDO DE DESARROLLO LOCAL DE KENNEDY
A2: FDLK-CMA-003-2025
A3: REALIZAR LA INTERVENTORIA, TECNICA, ADMINISTRATIVA, JURIDICA, FINANCIERA, SOCIAL, AMBIENTAL Y DE SEGURIDAD Y SALUD EN EL TRABAJO AL CONTRATO QUE TIENE COMO OBJETO "REALIZAR LAS OBRAS DE CONSERVACIÓN DE LA MALLA VIAL Y ESPACIO PÚBLICO ASOCIADO EN LA LOCALIDAD DE KENNEDY, BOGOTÁ, D.C. A TRAVÉS DEL SISTEMA DE PRECIOS UNITARIOS FIJOS Y A MONTO AGOTABLE
B5: NOMBRE DEL OFERENTE | C5: CAPACIDAD FINANCIERA | D5: CAPACIDAD JURIDICA | E5: CAPACIDAD TÉCNICA | F5: INFORME FINAL | G5: OBSERVACIONES
A6: 1 | B6: =+VLOOKUP(A6,'LISTA DE OFERENTES'!$A$4:$B$102,2,FALSE) -> CONSORCIO INGESCOR R 8 | C6: CUMPLE | D6: CUMPLE | E6: =+VLOOKUP(A6,'REQUISITOS HAB. TECNICOS'!$A$6:$F$104,6,FALSE) -> CUMPLE | F6: =+IF(AND(C6="CUMPLE",D6="CUMPLE",E6="CUMPLE"),"HABILITADO","NO HABILITADO") -> HABILITADO
A7: 2 | B7: =+VLOOKUP(A7,'LISTA DE OFERENTES'!$A$4:$B$102,2,FALSE) -> CONSORCIO INTER 3A | C7: CUMPLE | D7: CUMPLE | E7: =+VLOOKUP(A7,'REQUISITOS HAB. TECNICOS'!$A$6:$F$104,6,FALSE) -> CUMPLE | F7: =+IF(AND(C7="CUMPLE",D7="CUMPLE",E7="CUMPLE"),"HABILITADO","NO HABILITADO") -> HABILITADO
A8: 3 | B8: =+VLOOKUP(A8,'LISTA DE OFERENTES'!$A$4:$B$102,2,FALSE) -> GRUPO METRO COLOMBIA SAS | C8: CUMPLE | D8: CUMPLE | E8: =+VLOOKUP(A8,'REQUISITOS HAB. TECNICOS'!$A$6:$F$104,6,FALSE) -> CUMPLE | F8: =+IF(AND(C8="CUMPLE",D8="CUMPLE",E8="CUMPLE"),"HABILITADO","NO HABILITADO") -> HABILITADO
A9: 4 | B9: =+VLOOKUP(A9,'LISTA DE OFERENTES'!$A$4:$B$102,2,FALSE) -> CONSORCIO ECOS KENNEDY 003 | C9: CUMPLE | D9: CUMPLE | E9: =+VLOOKUP(A9,'REQUISITOS HAB. TECNICOS'!$A$6:$F$104,6,FALSE) -> CUMPLE | F9: =+IF(AND(C9="CUMPLE",D9="CUMPLE",E9="CUMPLE"),"HABILITADO","NO HABILITADO") -> HABILITADO
A10: 5 | B10: =+VLOOKUP(A10,'LISTA DE OFERENTES'!$A$4:$B$102,2,FALSE) -> COMPAÑÍA DE PROYECTOS TECNICOS CPT S.A | C10: CUMPLE | D10: CUMPLE | E10: =+VLOOKUP(A10,'REQUISITOS HAB. TECNICOS'!$A$6:$F$104,6,FALSE) -> CUMPLE | F10: =+IF(AND(C10="CUMPLE",D10="CUMPLE",E10="CUMPLE"),"HABILITADO","NO HABILITADO") -> HABILITADO
A11: 6 | B11: =+VLOOKUP(A11,'LISTA DE OFERENTES'!$A$4:$B$102,2,FALSE) -> CONSORCIO INTERMALLA VIAL LK | C11: CUMPLE | D11: CUMPLE | E11: =+VLOOKUP(A11,'REQUISITOS HAB. TECNICOS'!$A$6:$F$104,6,FALSE) -> CUMPLE | F11: =+IF(AND(C11="CUMPLE",D11="CUMPLE",E11="CUMPLE"),"HABILITADO","NO HABILITADO") -> HABILITADO
A12: 7 | B12: =+VLOOKUP(A12,'LISTA DE OFERENTES'!$A$4:$B$102,2,FALSE) -> SADING GROUP S.A.S | C12: CUMPLE | D12: CUMPLE | E12: =+VLOOKUP(A12,'REQUISITOS HAB. TECNICOS'!$A$6:$F$104,6,FALSE) -> CUMPLE | F12: =+IF(AND(C12="CUMPLE",D12="CUMPLE",E12="CUMPLE"),"HABILITADO","NO HABILITADO") -> HABILITADO
A13: 8 | B13: =+VLOOKUP(A13,'LISTA DE OFERENTES'!$A$4:$B$102,2,FALSE) -> CONSORCIO INTERKENNEDY AI | C13: CUMPLE | D13: CUMPLE | E13: =+VLOOKUP(A13,'REQUISITOS HAB. TECNICOS'!$A$6:$F$104,6,FALSE) -> CUMPLE | F13: =+IF(AND(C13="CUMPLE",D13="CUMPLE",E13="CUMPLE"),"HABILITADO","NO HABILITADO") -> HABILITADO
A14: 9 | B14: =+VLOOKUP(A14,'LISTA DE OFERENTES'!$A$4:$B$102,2,FALSE) -> CONSORCIO KENNEDY003 | C14: CUMPLE | D14: CUMPLE | E14: =+VLOOKUP(A14,'REQUISITOS HAB. TECNICOS'!$A$6:$F$104,6,FALSE) -> CUMPLE | F14: =+IF(AND(C14="CUMPLE",D14="CUMPLE",E14="CUMPLE"),"HABILITADO","NO HABILITADO") -> HABILITADO
A15: 10 | B15: =+VLOOKUP(A15,'LISTA DE OFERENTES'!$A$4:$B$102,2,FALSE) -> CIVING INGENIEROS CONTRATISTAS S.A.S | C15: CUMPLE | D15: CUMPLE | E15: =+VLOOKUP(A15,'REQUISITOS HAB. TECNICOS'!$A$6:$F$104,6,FALSE) -> CUMPLE | F15: =+IF(AND(C15="CUMPLE",D15="CUMPLE",E15="CUMPLE"),"HABILITADO","NO HABILITADO") -> HABILITADO
A16: 11 | B16: =+VLOOKUP(A16,'LISTA DE OFERENTES'!$A$4:$B$102,2,FALSE) -> CONSORCIO EMPRESARIAL | C16: CUMPLE | D16: CUMPLE | E16: =+VLOOKUP(A16,'REQUISITOS HAB. TECNICOS'!$A$6:$F$104,6,FALSE) -> CUMPLE | F16: =+IF(AND(C16="CUMPLE",D16="CUMPLE",E16="CUMPLE"),"HABILITADO","NO HABILITADO") -> HABILITADO
A17: 12 | B17: =+VLOOKUP(A17,'LISTA DE OFERENTES'!$A$4:$B$102,2,FALSE) -> CONSORCIO KENNEDY INTERESVIAL | C17: CUMPLE | D17: CUMPLE | E17: =+VLOOKUP(A17,'REQUISITOS HAB. TECNICOS'!$A$6:$F$104,6,FALSE) -> CUMPLE | F17: =+IF(AND(C17="CUMPLE",D17="CUMPLE",E17="CUMPLE"),"HABILITADO","NO HABILITADO") -> HABILITADO
... A104: 99 | B104: =+VLOOKUP(A104,'LISTA DE OFERENTES'!$A$4:$B$102,2,FALSE) -> CONSORCIO INTERKENNEDY 2025 | C104: CUMPLE | D104: NO CUMPLE | E104: =+VLOOKUP(A104,'REQUISITOS HAB. TECNICOS'!$A$6:$F$104,6,FALSE) -> CUMPLE | F104: =+IF(AND(C104="CUMPLE",D104="CUMPLE",E104="CUMPLE"),"HABILITADO","NO HABILITADO") -> NO HABILITADO

Sheet MEDIANA VALOR ABS
A1: EXPERIENCIA DEL PROPONENTE
A2: CANTIDAD DE SMMLV QUE REPRESENTAN EL PROMEDIO DE LOS CONTRATOS VALIDOS PARA ACREDITAR EXPERIENCIA | H2: PUNTAJE MAXIMO | I2: 67.5
A3: FDLK-CMA-003-2025 | H3: TRM VIGENTE 14/10/2025 | I3: 3913.24
H4: PRIMERAS DOS CIFRAS DEC.TRM | I4: 24
H5: OFERENTES HABILITADOS | I5: 82
A10: No. | B10: OFERENTES | C10: Promedio SMMLV | D10: MEDIANA | E10: DIFERENCIA CON LA MEDIA GEOMETRICA | F10: PUNTAJE
A11: 1 | B11: =VLOOKUP(A11,'LISTA DE OFERENTES'!$A$4:$B$102,2,FALSE) -> CONSORCIO INGESCOR R 8 | C11: =+'EXPERIENCIA DEL PROPONENTE'!C10 -> 2609.9288 | D11: =+MEDIAN(C11:C92) -> 2367.8809 | E11: =$D$11-C11 -> -242.04792 | F11: =+IF(((1-(ABS(($D$11-C11)/$D$11)))*$I$2)>=0,((1-(ABS(($D$11-C11)/$D$11)))*$I$2),0) -> 60.60006
A12: 2 | B12: =VLOOKUP(A12,'LISTA DE OFERENTES'!$A$4:$B$102,2,FALSE) -> CONSORCIO INTER 3A | C12: =+'EXPERIENCIA DEL PROPONENTE'!C28 -> 2135.9474 | E12: =$D$11-C12 -> 231.93348 | F12: =+IF(((1-(ABS(($D$11-C12)/$D$11)))*$I$2)>=0,((1-(ABS(($D$11-C12)/$D$11)))*$I$2),0) -> 60.888388
A13: 3 | B13: =VLOOKUP(A13,'LISTA DE OFERENTES'!$A$4:$B$102,2,FALSE) -> GRUPO METRO COLOMBIA SAS | C13: =+'EXPERIENCIA DEL PROPONENTE'!C46 -> 2578.4218 | E13: =$D$11-C13 -> -210.54092 | F13: =+IF(((1-(ABS(($D$11-C13)/$D$11)))*$I$2)>=0,((1-(ABS(($D$11-C13)/$D$11)))*$I$2),0) -> 61.498215
A14: 4 | B14: =VLOOKUP(A14,'LISTA DE OFERENTES'!$A$4:$B$102,2,FALSE) -> CONSORCIO ECOS KENNEDY 003 | C14: =+'EXPERIENCIA DEL PROPONENTE'!C62 -> 2829.4829 | E14: =$D$11-C14 -> -461.60209 | F14: =+IF(((1-(ABS(($D$11-C14)/$D$11)))*$I$2)>=0,((1-(ABS(($D$11-C14)/$D$11)))*$I$2),0) -> 54.341339
A15: 5 | B15: =VLOOKUP(A15,'LISTA DE OFERENTES'!$A$4:$B$102,2,FALSE) -> COMPAÑÍA DE PROYECTOS TECNICOS CPT S.A | C15: =+'EXPERIENCIA DEL PROPONENTE'!C76 -> 2554.2574 | E15: =$D$11-C15 -> -186.37652 | F15: =+IF(((1-(ABS(($D$11-C15)/$D$11)))*$I$2)>=0,((1-(ABS(($D$11-C15)/$D$11)))*$I$2),0) -> 62.187057
A16: 6 | B16: =VLOOKUP(A16,'LISTA DE OFERENTES'!$A$4:$B$102,2,FALSE) -> CONSORCIO INTERMALLA VIAL LK | C16: =+'EXPERIENCIA DEL PROPONENTE'!C90 -> 3032.336 | E16: =$D$11-C16 -> -664.45515 | F16: =+IF(((1-(ABS(($D$11-C16)/$D$11)))*$I$2)>=0,((1-(ABS(($D$11-C16)/$D$11)))*$I$2),0) -> 48.558708
A17: 7 | B17: =VLOOKUP(A17,'LISTA DE OFERENTES'!$A$4:$B$102,2,FALSE) -> SADING GROUP S.A.S | C17: =+'EXPERIENCIA DEL PROPONENTE'!C107 -> 2803.2848 | E17: =$D$11-C17 -> -435.40398 | F17: =+IF(((1-(ABS(($D$11-C17)/$D$11)))*$I$2)>=0,((1-(ABS(($D$11-C17)/$D$11)))*$I$2),0) -> 55.088156
A18: 8 | B18: =VLOOKUP(A18,'LISTA DE OFERENTES'!$A$4:$B$102,2,FALSE) -> CONSORCIO INTERKENNEDY AI | C18: =+'EXPERIENCIA DEL PROPONENTE'!C121 -> 3109.4273 | E18: =$D$11-C18 -> -741.54644 | F18: =+IF(((1-(ABS(($D$11-C18)/$D$11)))*$I$2)>=0,((1-(ABS(($D$11-C18)/$D$11)))*$I$2),0) -> 46.361105
A19: 9 | B19: =VLOOKUP(A19,'LISTA DE OFERENTES'!$A$4:$B$102,2,FALSE) -> CONSORCIO KENNEDY003 | C19: =+'EXPERIENCIA DEL PROPONENTE'!C135 -> 2277.6317 | E19: =$D$11-C19 -> 90.249126 | F19: =+IF(((1-(ABS(($D$11-C19)/$D$11)))*$I$2)>=0,((1-(ABS(($D$11-C19)/$D$11)))*$I$2),0) -> 64.927313
A20: 10 | B20: =VLOOKUP(A20,'LISTA DE OFERENTES'!$A$4:$B$102,2,FALSE) -> CIVING INGENIEROS CONTRATISTAS S.A.S | C20: =+'EXPERIENCIA DEL PROPONENTE'!C151 -> 3603.5391 | E20: =$D$11-C20 -> -1235.6582 | F20: =+IF(((1-(ABS(($D$11-C20)/$D$11)))*$I$2)>=0,((1-(ABS(($D$11-C20)/$D$11)))*$I$2),0) -> 32.275707
A21: 11 | B21: =VLOOKUP(A21,'LISTA DE OFERENTES'!$A$4:$B$102,2,FALSE) -> CONSORCIO EMPRESARIAL | C21: =+'EXPERIENCIA DEL PROPONENTE'!C165 -> 2517.6333 | E21: =$D$11-C21 -> -149.75248 | F21: =+IF(((1-(ABS(($D$11-C21)/$D$11)))*$I$2)>=0,((1-(ABS(($D$11-C21)/$D$11)))*$I$2),0) -> 63.231081
A22: 12 | B22: =VLOOKUP(A22,'LISTA DE OFERENTES'!$A$4:$B$102,2,FALSE) -> CONSORCIO KENNEDY INTERESVIAL | C22: =+'EXPERIENCIA DEL PROPONENTE'!C182 -> 1437.9543 | E22: =$D$11-C22 -> 929.92651 | F22: =+IF(((1-(ABS(($D$11-C22)/$D$11)))*$I$2)>=0,((1-(ABS(($D$11-C22)/$D$11)))*$I$2),0) -> 40.991048
A23: 13 | B23: =VLOOKUP(A23,'LISTA DE OFERENTES'!$A$4:$B$102,2,FALSE) -> UNIOBRAS DEL ORIENTE SAS | C23: =+'EXPERIENCIA DEL PROPONENTE'!C198 -> 10623.268 | E23: =$D$11-C23 -> -8255.3871 | F23: =+IF(((1-(ABS(($D$11-C23)/$D$11)))*$I$2)>=0,((1-(ABS(($D$11-C23)/$D$11)))*$I$2),0) -> 0
A24: 14 | B24: =VLOOKUP(A24,'LISTA DE OFERENTES'!$A$4:$B$102,2,FALSE) -> CONSORCIO HUPK VIAS DE KENNEDY | C24: =+'EXPERIENCIA DEL PROPONENTE'!C211 -> 3102.2126 | E24: =$D$11-C24 -> -734.33177 | F24: =+IF(((1-(ABS(($D$11-C24)/$D$11)))*$I$2)>=0,((1-(ABS(($D$11-C24)/$D$11)))*$I$2),0) -> 46.56677
A25: 15 | B25: =VLOOKUP(A25,'LISTA DE OFERENTES'!$A$4:$B$102,2,FALSE) -> INGEVAL SAS | C25: =+'EXPERIENCIA DEL PROPONENTE'!C227 -> 2659.9108 | E25: =$D$11-C25 -> -292.02994 | F25: =+IF(((1-(ABS(($D$11-C25)/$D$11)))*$I$2)>=0,((1-(ABS(($D$11-C25)/$D$11)))*$I$2),0) -> 59.175248
A26: 16 | B26: =VLOOKUP(A26,'LISTA DE OFERENTES'!$A$4:$B$102,2,FALSE) -> CONSORCIO MALLA VIAL G&G | C26: =+'EXPERIENCIA DEL PROPONENTE'!C241 -> 3050.3413 | E26: =$D$11-C26 -> -682.46049 | F26: =+IF(((1-(ABS(($D$11-C26)/$D$11)))*$I$2)>=0,((1-(ABS(($D$11-C26)/$D$11)))*$I$2),0) -> 48.045439
A27: 17 | B27: =VLOOKUP(A27,'LISTA DE OFERENTES'!$A$4:$B$102,2,FALSE) -> CONSORCIO KENNEDY LGI | C27: =+'EXPERIENCIA DEL PROPONENTE'!C257 -> 2564.5436 | E27: =$D$11-C27 -> -196.6628 | F27: =+IF(((1-(ABS(($D$11-C27)/$D$11)))*$I$2)>=0,((1-(ABS(($D$11-C27)/$D$11)))*$I$2),0) -> 61.893832
A28: 20 | B28: =VLOOKUP(A28,'LISTA DE OFERENTES'!$A$4:$B$102,2,FALSE) -> CONSORCIO INTER VIAS KENNEDY | C28: =+'EXPERIENCIA DEL PROPONENTE'!C305 -> 2189.3724 | E28: =$D$11-C28 -> 178.50845 | F28: =+IF(((1-(ABS(($D$11-C28)/$D$11)))*$I$2)>=0,((1-(ABS(($D$11-C28)/$D$11)))*$I$2),0) -> 62.411349
A29: 21 | B29: =VLOOKUP(A29,'LISTA DE OFERENTES'!$A$4:$B$102,2,FALSE) -> HMV SOLUCIONES SAS | C29: =+'EXPERIENCIA DEL PROPONENTE'!C323 -> 2291.3577 | E29: =$D$11-C29 -> 76.523148 | F29: =+IF(((1-(ABS(($D$11-C29)/$D$11)))*$I$2)>=0,((1-(ABS(($D$11-C29)/$D$11)))*$I$2),0) -> 65.318593
A30: 22 | B30: =VLOOKUP(A30,'LISTA DE OFERENTES'!$A$4:$B$102,2,FALSE) -> UMBRELLA INTERNATIONAL S.A.S | C30: =+'EXPERIENCIA DEL PROPONENTE'!C337 -> 2235.4583 | E30: =$D$11-C30 -> 132.42253 | F30: =+IF(((1-(ABS(($D$11-C30)/$D$11)))*$I$2)>=0,((1-(ABS(($D$11-C30)/$D$11)))*$I$2),0) -> 63.725097
A31: 24 | B31: =VLOOKUP(A31,'LISTA DE OFERENTES'!$A$4:$B$102,2,FALSE) -> CONSORCIO INTERKENNEDY MV | C31: =+'EXPERIENCIA DEL PROPONENTE'!C366 -> 1518.6179 | E31: =$D$11-C31 -> 849.26291 | F31: =+IF(((1-(ABS(($D$11-C31)/$D$11)))*$I$2)>=0,((1-(ABS(($D$11-C31)/$D$11)))*$I$2),0) -> 43.290485
A32: 25 | B32: =VLOOKUP(A32,'LISTA DE OFERENTES'!$A$4:$B$102,2,FALSE) -> CONSULTORES DONOVAN S.A.S | C32: =+'EXPERIENCIA DEL PROPONENTE'!C380 -> 2363.0029 | E32: =$D$11-C32 -> 4.8779673 | F32: 67.5
A33: 26 | B33: =VLOOKUP(A33,'LISTA DE OFERENTES'!$A$4:$B$102,2,FALSE) -> CONSORCIO KENNEDY JINT 3 | C33: =+'EXPERIENCIA DEL PROPONENTE'!C394 -> 2408.3421 | E33: =$D$11-C33 -> -40.461257 | F33: =+IF(((1-(ABS(($D$11-C33)/$D$11)))*$I$2)>=0,((1-(ABS(($D$11-C33)/$D$11)))*$I$2),0) -> 66.346591
A34: 27 | B34: =VLOOKUP(A34,'LISTA DE OFERENTES'!$A$4:$B$102,2,FALSE) -> CONSORCIO CONSERVACION MO 003 | C34: =+'EXPERIENCIA DEL PROPONENTE'!C409 -> 2130.2172 | E34: =$D$11-C34 -> 237.66364 | F34: =+IF(((1-(ABS(($D$11-C34)/$D$11)))*$I$2)>=0,((1-(ABS(($D$11-C34)/$D$11)))*$I$2),0) -> 60.725041
A35: 28 | B35: =VLOOKUP(A35,'LISTA DE OFERENTES'!$A$4:$B$102,2,FALSE) -> CONSORCIO SERBET KENNEDY | C35: =+'EXPERIENCIA DEL PROPONENTE'!C424 -> 2100.888 | E35: =$D$11-C35 -> 266.99284 | F35: =+IF(((1-(ABS(($D$11-C35)/$D$11)))*$I$2)>=0,((1-(ABS(($D$11-C35)/$D$11)))*$I$2),0) -> 59.888968
A36: 30 | B36: =VLOOKUP(A36,'LISTA DE OFERENTES'!$A$4:$B$102,2,FALSE) -> CONSORCIO KENNEDY 2025 | C36: =+'EXPERIENCIA DEL PROPONENTE'!C455 -> 698.53388 | E36: =$D$11-C36 -> 1669.347 | F36: =+IF(((1-(ABS(($D$11-C36)/$D$11)))*$I$2)>=0,((1-(ABS(($D$11-C36)/$D$11)))*$I$2),0) -> 19.912757
A37: 31 | B37: =VLOOKUP(A37,'LISTA DE OFERENTES'!$A$4:$B$102,2,FALSE) -> MGC VIAS KENNEDY. | C37: =+'EXPERIENCIA DEL PROPONENTE'!C470 -> 2734.4303 | E37: =$D$11-C37 -> -366.54944 | F37: =+IF(((1-(ABS(($D$11-C37)/$D$11)))*$I$2)>=0,((1-(ABS(($D$11-C37)/$D$11)))*$I$2),0) -> 57.050958
A38: 32 | B38: =VLOOKUP(A38,'LISTA DE OFERENTES'!$A$4:$B$102,2,FALSE) -> CONSORCIO TECNOLOGICO 11. | C38: =+'EXPERIENCIA DEL PROPONENTE'!C486 -> 1954.9702 | E38: =$D$11-C38 -> 412.91061 | F38: =+IF(((1-(ABS(($D$11-C38)/$D$11)))*$I$2)>=0,((1-(ABS(($D$11-C38)/$D$11)))*$I$2),0) -> 55.729363
A39: 33 | B39: =VLOOKUP(A39,'LISTA DE OFERENTES'!$A$4:$B$102,2,FALSE) -> CONSORCIO INTERPROVIAL KENNEDY | C39: =+'EXPERIENCIA DEL PROPONENTE'!C502 -> 9386.1365 | E39: =$D$11-C39 -> -7018.2557 | F39: =+IF(((1-(ABS(($D$11-C39)/$D$11)))*$I$2)>=0,((1-(ABS(($D$11-C39)/$D$11)))*$I$2),0) -> 0
A40: 34 | B40: =VLOOKUP(A40,'LISTA DE OFERENTES'!$A$4:$B$102,2,FALSE) -> CONSORCIO TECHOTIBA. | C40: =+'EXPERIENCIA DEL PROPONENTE'!C515 -> 2241.5004 | E40: =$D$11-C40 -> 126.38041 | F40: =+IF(((1-(ABS(($D$11-C40)/$D$11)))*$I$2)>=0,((1-(ABS(($D$11-C40)/$D$11)))*$I$2),0) -> 63.897337
A41: 35 | B41: =VLOOKUP(A41,'LISTA DE OFERENTES'!$A$4:$B$102,2,FALSE) -> IAR PROYECTOS SAS | C41: =+'EXPERIENCIA DEL PROPONENTE'!C533 -> 2343.8201 | E41: =$D$11-C41 -> 24.060767 | F41: =+IF(((1-(ABS(($D$11-C41)/$D$11)))*$I$2)>=0,((1-(ABS(($D$11-C41)/$D$11)))*$I$2),0) -> 66.814112
A42: 36 | B42: =VLOOKUP(A42,'LISTA DE OFERENTES'!$A$4:$B$102,2,FALSE) -> CONSORCIO INTERURBANO | C42: =+'EXPERIENCIA DEL PROPONENTE'!C547 -> 7436.2021 | E42: =$D$11-C42 -> -5068.3212 | F42: =+IF(((1-(ABS(($D$11-C42)/$D$11)))*$I$2)>=0,((1-(ABS(($D$11-C42)/$D$11)))*$I$2),0) -> 0
A43: 38 | B43: =VLOOKUP(A43,'LISTA DE OFERENTES'!$A$4:$B$102,2,FALSE) -> CONSORCIO SPL INGENIERÍA 78 | C43: =+'EXPERIENCIA DEL PROPONENTE'!C579 -> 1128.4264 | E43: =$D$11-C43 -> 1239.4544 | F43: =+IF(((1-(ABS(($D$11-C43)/$D$11)))*$I$2)>=0,((1-(ABS(($D$11-C43)/$D$11)))*$I$2),0) -> 32.16749
A44: 40 | B44: =VLOOKUP(A44,'LISTA DE OFERENTES'!$A$4:$B$102,2,FALSE) -> CONSORCIO CONEXIÓN VIAL KENNEDY. | C44: =+'EXPERIENCIA DEL PROPONENTE'!C609 -> 2552.7695 | E44: =$D$11-C44 -> -184.88863 | F44: =+IF(((1-(ABS(($D$11-C44)/$D$11)))*$I$2)>=0,((1-(ABS(($D$11-C44)/$D$11)))*$I$2),0) -> 62.229472
A45: 41 | B45: =VLOOKUP(A45,'LISTA DE OFERENTES'!$A$4:$B$102,2,FALSE) -> CB INGENIEROS S.A.S | C45: =+'EXPERIENCIA DEL PROPONENTE'!C629 -> 2668.598 | E45: =$D$11-C45 -> -300.7172 | F45: =+IF(((1-(ABS(($D$11-C45)/$D$11)))*$I$2)>=0,((1-(ABS(($D$11-C45)/$D$11)))*$I$2),0) -> 58.927605
A46: 43 | B46: =VLOOKUP(A46,'LISTA DE OFERENTES'!$A$4:$B$102,2,FALSE) -> CONSORCIO VIAL KENNEDY | C46: =+'EXPERIENCIA DEL PROPONENTE'!C657 -> 2844.8699 | E46: =$D$11-C46 -> -476.98909 | F46: =+IF(((1-(ABS(($D$11-C46)/$D$11)))*$I$2)>=0,((1-(ABS(($D$11-C46)/$D$11)))*$I$2),0) -> 53.90271
A47: 44 | B47: =VLOOKUP(A47,'LISTA DE OFERENTES'!$A$4:$B$102,2,FALSE) -> CONSORCIO INFRAESTRUCTURA KENNEDY 2025. | C47: =+'EXPERIENCIA DEL PROPONENTE'!C672 -> 1916.3049 | E47: =$D$11-C47 -> 451.57591 | F47: =+IF(((1-(ABS(($D$11-C47)/$D$11)))*$I$2)>=0,((1-(ABS(($D$11-C47)/$D$11)))*$I$2),0) -> 54.62715
A48: 47 | B48: =VLOOKUP(A48,'LISTA DE OFERENTES'!$A$4:$B$102,2,FALSE) -> ARQUITECTURA E INGENIERIA DE CONSULTA ARINCO S.A.S | C48: =+'EXPERIENCIA DEL PROPONENTE'!C716 -> 1685.5692 | E48: =$D$11-C48 -> 682.3117 | F48: =+IF(((1-(ABS(($D$11-C48)/$D$11)))*$I$2)>=0,((1-(ABS(($D$11-C48)/$D$11)))*$I$2),0) -> 48.04968
A49: 48 | B49: =VLOOKUP(A49,'LISTA DE OFERENTES'!$A$4:$B$102,2,FALSE) -> SAVIMAC SAS. | C49: =+'EXPERIENCIA DEL PROPONENTE'!C729 -> 1511.1789 | E49: =$D$11-C49 -> 856.70192 | F49: =+IF(((1-(ABS(($D$11-C49)/$D$11)))*$I$2)>=0,((1-(ABS(($D$11-C49)/$D$11)))*$I$2),0) -> 43.078425
A50: 49 | B50: =VLOOKUP(A50,'LISTA DE OFERENTES'!$A$4:$B$102,2,FALSE) -> CONSORCIO VÍAS URBANAS P&C K-003 - 2025. | C50: =+'EXPERIENCIA DEL PROPONENTE'!C742 -> 1667.5036 | E50: =$D$11-C50 -> 700.37722 | F50: =+IF(((1-(ABS(($D$11-C50)/$D$11)))*$I$2)>=0,((1-(ABS(($D$11-C50)/$D$11)))*$I$2),0) -> 47.534696
A51: 50 | B51: =VLOOKUP(A51,'LISTA DE OFERENTES'!$A$4:$B$102,2,FALSE) -> BB CONSULTORA SAS | C51: =+'EXPERIENCIA DEL PROPONENTE'!C755 -> 2471.9946 | E51: =$D$11-C51 -> -104.1137 | F51: =+IF(((1-(ABS(($D$11-C51)/$D$11)))*$I$2)>=0,((1-(ABS(($D$11-C51)/$D$11)))*$I$2),0) -> 64.532083
A52: 51 | B52: =VLOOKUP(A52,'LISTA DE OFERENTES'!$A$4:$B$102,2,FALSE) -> CONSORCIO KENNEDY 3M | C52: =+'EXPERIENCIA DEL PROPONENTE'!C772 -> 2573.6415 | E52: =$D$11-C52 -> -205.76065 | F52: =+IF(((1-(ABS(($D$11-C52)/$D$11)))*$I$2)>=0,((1-(ABS(($D$11-C52)/$D$11)))*$I$2),0) -> 61.634484
A53: 52 | B53: =VLOOKUP(A53,'LISTA DE OFERENTES'!$A$4:$B$102,2,FALSE) -> CONSORCIO CGR KENNEDY. | C53: =+'EXPERIENCIA DEL PROPONENTE'!C792 -> 2407.9645 | E53: =$D$11-C53 -> -40.083601 | F53: =+IF(((1-(ABS(($D$11-C53)/$D$11)))*$I$2)>=0,((1-(ABS(($D$11-C53)/$D$11)))*$I$2),0) -> 66.357357
A54: 53 | B54: =VLOOKUP(A54,'LISTA DE OFERENTES'!$A$4:$B$102,2,FALSE) -> PROBINTEC S.A.S. | C54: =+'EXPERIENCIA DEL PROPONENTE'!C807 -> 18130.262 | E54: =$D$11-C54 -> -15762.381 | F54: =+IF(((1-(ABS(($D$11-C54)/$D$11)))*$I$2)>=0,((1-(ABS(($D$11-C54)/$D$11)))*$I$2),0) -> 0
A55: 54 | B55: =VLOOKUP(A55,'LISTA DE OFERENTES'!$A$4:$B$102,2,FALSE) -> INTERVENTORIA Y CONSTRUCIVILES SAS | C55: =+'EXPERIENCIA DEL PROPONENTE'!C819 -> 2168.6167 | E55: =$D$11-C55 -> 199.26419 | F55: =+IF(((1-(ABS(($D$11-C55)/$D$11)))*$I$2)>=0,((1-(ABS(($D$11-C55)/$D$11)))*$I$2),0) -> 61.819675
A56: 55 | B56: =VLOOKUP(A56,'LISTA DE OFERENTES'!$A$4:$B$102,2,FALSE) -> CONSORCIO AL-IN 2025 | C56: =+'EXPERIENCIA DEL PROPONENTE'!C833 -> 2970.2715 | E56: =$D$11-C56 -> -602.39064 | F56: =+IF(((1-(ABS(($D$11-C56)/$D$11)))*$I$2)>=0,((1-(ABS(($D$11-C56)/$D$11)))*$I$2),0) -> 50.32795
A57: 56 | B57: =VLOOKUP(A57,'LISTA DE OFERENTES'!$A$4:$B$102,2,FALSE) -> CONSORCIO INTERVIAS KENNEDY 03 | C57: =+'EXPERIENCIA DEL PROPONENTE'!C848 -> 2329.9961 | E57: =$D$11-C57 -> 37.884746 | F57: =+IF(((1-(ABS(($D$11-C57)/$D$11)))*$I$2)>=0,((1-(ABS(($D$11-C57)/$D$11)))*$I$2),0) -> 66.420038
A58: 57 | B58: =VLOOKUP(A58,'LISTA DE OFERENTES'!$A$4:$B$102,2,FALSE) -> CONSORCIO INTER VIAS KENNEDY 2025 | C58: =+'EXPERIENCIA DEL PROPONENTE'!C863 -> 1972.2336 | E58: =$D$11-C58 -> 395.64724 | F58: =+IF(((1-(ABS(($D$11-C58)/$D$11)))*$I$2)>=0,((1-(ABS(($D$11-C58)/$D$11)))*$I$2),0) -> 56.221481
A59: 58 | B59: =VLOOKUP(A59,'LISTA DE OFERENTES'!$A$4:$B$102,2,FALSE) -> INVELER CONSULTORIA S.A.S | C59: =+'EXPERIENCIA DEL PROPONENTE'!C878 -> 2402.929 | E59: =$D$11-C59 -> -35.0481 | F59: =+IF(((1-(ABS(($D$11-C59)/$D$11)))*$I$2)>=0,((1-(ABS(($D$11-C59)/$D$11)))*$I$2),0) -> 66.500901
A60: 60 | B60: =VLOOKUP(A60,'LISTA DE OFERENTES'!$A$4:$B$102,2,FALSE) -> CONSORCIO FENIX. | C60: =+'EXPERIENCIA DEL PROPONENTE'!C906 -> 1671.7761 | E60: =$D$11-C60 -> 696.10475 | F60: =+IF(((1-(ABS(($D$11-C60)/$D$11)))*$I$2)>=0,((1-(ABS(($D$11-C60)/$D$11)))*$I$2),0) -> 47.656488
A61: 61 | B61: =VLOOKUP(A61,'LISTA DE OFERENTES'!$A$4:$B$102,2,FALSE) -> PIV INGENIERIA S.A.S. | C61: =+'EXPERIENCIA DEL PROPONENTE'!C921 -> 1590.1423 | E61: =$D$11-C61 -> 777.73857 | F61: =+IF(((1-(ABS(($D$11-C61)/$D$11)))*$I$2)>=0,((1-(ABS(($D$11-C61)/$D$11)))*$I$2),0) -> 45.329394
A62: 62 | B62: =VLOOKUP(A62,'LISTA DE OFERENTES'!$A$4:$B$102,2,FALSE) -> CONSORCIO KENNEDY 03 2025 | C62: =+'EXPERIENCIA DEL PROPONENTE'!C934 -> 2221.5424 | E62: =$D$11-C62 -> 146.33843 | F62: =+IF(((1-(ABS(($D$11-C62)/$D$11)))*$I$2)>=0,((1-(ABS(($D$11-C62)/$D$11)))*$I$2),0) -> 63.328403
A63: 63 | B63: =VLOOKUP(A63,'LISTA DE OFERENTES'!$A$4:$B$102,2,FALSE) -> C INTERVIAS T&P KENNEDY | C63: =+'EXPERIENCIA DEL PROPONENTE'!C950 -> 2745.0011 | E63: =$D$11-C63 -> -377.12028 | F63: =+IF(((1-(ABS(($D$11-C63)/$D$11)))*$I$2)>=0,((1-(ABS(($D$11-C63)/$D$11)))*$I$2),0) -> 56.74962
A64: 64 | B64: =VLOOKUP(A64,'LISTA DE OFERENTES'!$A$4:$B$102,2,FALSE) -> CONSORCIO TS 03 | C64: =+'EXPERIENCIA DEL PROPONENTE'!C968 -> 2163.2694 | E64: =$D$11-C64 -> 204.61145 | F64: =+IF(((1-(ABS(($D$11-C64)/$D$11)))*$I$2)>=0,((1-(ABS(($D$11-C64)/$D$11)))*$I$2),0) -> 61.667243
A65: 65 | B65: =VLOOKUP(A65,'LISTA DE OFERENTES'!$A$4:$B$102,2,FALSE) -> CONSORCIO ID CONSERVACION KENNEDY | C65: =+'EXPERIENCIA DEL PROPONENTE'!C983 -> 2194.3035 | E65: =$D$11-C65 -> 173.57733 | F65: =+IF(((1-(ABS(($D$11-C65)/$D$11)))*$I$2)>=0,((1-(ABS(($D$11-C65)/$D$11)))*$I$2),0) -> 62.551918
A66: 66 | B66: =VLOOKUP(A66,'LISTA DE OFERENTES'!$A$4:$B$102,2,FALSE) -> PROYECTO SANABRIA SAS | C66: =+'EXPERIENCIA DEL PROPONENTE'!C983 -> 2194.3035 | E66: =$D$11-C66 -> 173.57733 | F66: =+IF(((1-(ABS(($D$11-C66)/$D$11)))*$I$2)>=0,((1-(ABS(($D$11-C66)/$D$11)))*$I$2),0) -> 62.551918
A67: 67 | B67: =VLOOKUP(A67,'LISTA DE OFERENTES'!$A$4:$B$102,2,FALSE) -> CONSORCIO CONSERVACIÓN VELNEC | C67: =+'EXPERIENCIA DEL PROPONENTE'!C1012 -> 3165.1371 | E67: =$D$11-C67 -> -797.25627 | F67: =+IF(((1-(ABS(($D$11-C67)/$D$11)))*$I$2)>=0,((1-(ABS(($D$11-C67)/$D$11)))*$I$2),0) -> 44.773013
A68: 68 | B68: =VLOOKUP(A68,'LISTA DE OFERENTES'!$A$4:$B$102,2,FALSE) -> CONSORCIO CONSERVACION KENNEDY | C68: =+'EXPERIENCIA DEL PROPONENTE'!C1036 -> 5205.1338 | E68: =$D$11-C68 -> -2837.253 | F68: =+IF(((1-(ABS(($D$11-C68)/$D$11)))*$I$2)>=0,((1-(ABS(($D$11-C68)/$D$11)))*$I$2),0) -> 0
A69: 69 | B69: =VLOOKUP(A69,'LISTA DE OFERENTES'!$A$4:$B$102,2,FALSE) -> CONSORCIO INTERVIAL KENNEDY | C69: =+'EXPERIENCIA DEL PROPONENTE'!C1052 -> 1949.2412 | E69: =$D$11-C69 -> 418.63963 | F69: =+IF(((1-(ABS(($D$11-C69)/$D$11)))*$I$2)>=0,((1-(ABS(($D$11-C69)/$D$11)))*$I$2),0) -> 55.566049
A70: 70 | B70: =VLOOKUP(A70,'LISTA DE OFERENTES'!$A$4:$B$102,2,FALSE) -> CONSORCIO SOLUCIONES IRIS | C70: =+'EXPERIENCIA DEL PROPONENTE'!C1075 -> 5514.7111 | E70: =$D$11-C70 -> -3146.8303 | F70: =+IF(((1-(ABS(($D$11-C70)/$D$11)))*$I$2)>=0,((1-(ABS(($D$11-C70)/$D$11)))*$I$2),0) -> 0
A71: 71 | B71: =VLOOKUP(A71,'LISTA DE OFERENTES'!$A$4:$B$102,2,FALSE) -> CONSORCIO KENNEDY VIAL | C71: =+'EXPERIENCIA DEL PROPONENTE'!C1095 -> 1716.1857 | E71: =$D$11-C71 -> 651.6952 | F71: =+IF(((1-(ABS(($D$11-C71)/$D$11)))*$I$2)>=0,((1-(ABS(($D$11-C71)/$D$11)))*$I$2),0) -> 48.92245
A72: 72 | B72: =VLOOKUP(A72,'LISTA DE OFERENTES'!$A$4:$B$102,2,FALSE) -> CONSORCIO VALICON UNIVERSAL | C72: =+'EXPERIENCIA DEL PROPONENTE'!C1117 -> 1376.7333 | E72: =$D$11-C72 -> 991.1476 | F72: =+IF(((1-(ABS(($D$11-C72)/$D$11)))*$I$2)>=0,((1-(ABS(($D$11-C72)/$D$11)))*$I$2),0) -> 39.245849
A73: 73 | B73: =VLOOKUP(A73,'LISTA DE OFERENTES'!$A$4:$B$102,2,FALSE) -> CONSORCIO VIAL KENNEDY IC | C73: =+'EXPERIENCIA DEL PROPONENTE'!C1138 -> 2539.8785 | E73: =$D$11-C73 -> -171.99768 | F73: =+IF(((1-(ABS(($D$11-C73)/$D$11)))*$I$2)>=0,((1-(ABS(($D$11-C73)/$D$11)))*$I$2),0) -> 62.596948
A74: 74 | B74: =VLOOKUP(A74,'LISTA DE OFERENTES'!$A$4:$B$102,2,FALSE) -> CONSORCIO INTERVIAL GINPROSA. | C74: =+'EXPERIENCIA DEL PROPONENTE'!C1159 -> 2321.3384 | E74: =$D$11-C74 -> 46.542501 | F74: =+IF(((1-(ABS(($D$11-C74)/$D$11)))*$I$2)>=0,((1-(ABS(($D$11-C74)/$D$11)))*$I$2),0) -> 66.173236
A75: 75 | B75: =VLOOKUP(A75,'LISTA DE OFERENTES'!$A$4:$B$102,2,FALSE) -> CONSORCIO INTERVIAL CAPITAL | C75: =+'EXPERIENCIA DEL PROPONENTE'!C1174 -> 2449.0619 | E75: =$D$11-C75 -> -81.181024 | F75: =+IF(((1-(ABS(($D$11-C75)/$D$11)))*$I$2)>=0,((1-(ABS(($D$11-C75)/$D$11)))*$I$2),0) -> 65.185813
A76: 76 | B76: =VLOOKUP(A76,'LISTA DE OFERENTES'!$A$4:$B$102,2,FALSE) -> CONSORCIO MALLA VIAL KENNEDY | C76: =+'EXPERIENCIA DEL PROPONENTE'!C1192 -> 2198.4242 | E76: =$D$11-C76 -> 169.45668 | F76: =+IF(((1-(ABS(($D$11-C76)/$D$11)))*$I$2)>=0,((1-(ABS(($D$11-C76)/$D$11)))*$I$2),0) -> 62.669383
A77: 80 | B77: =VLOOKUP(A77,'LISTA DE OFERENTES'!$A$4:$B$102,2,FALSE) -> CONSORCIO CAS KENNEDY | C77: =+'EXPERIENCIA DEL PROPONENTE'!C1255 -> 2372.7588 | E77: =$D$11-C77 -> -4.8779673 | F77: =+IF(((1-(ABS(($D$11-C77)/$D$11)))*$I$2)>=0,((1-(ABS(($D$11-C77)/$D$11)))*$I$2),0) -> 67.360946
A78: 81 | B78: =VLOOKUP(A78,'LISTA DE OFERENTES'!$A$4:$B$102,2,FALSE) -> CONSORCIO TIMIZA 25 | C78: =+'EXPERIENCIA DEL PROPONENTE'!C1272 -> 2497.7219 | E78: =$D$11-C78 -> -129.84109 | F78: =+IF(((1-(ABS(($D$11-C78)/$D$11)))*$I$2)>=0,((1-(ABS(($D$11-C78)/$D$11)))*$I$2),0) -> 63.798685
A79: 82 | B79: =VLOOKUP(A79,'LISTA DE OFERENTES'!$A$4:$B$102,2,FALSE) -> CONSORCIO INTERVIAL KENNEDY | C79: =+'EXPERIENCIA DEL PROPONENTE'!C1287 -> 2941.675 | E79: =$D$11-C79 -> -573.79412 | F79: =+IF(((1-(ABS(($D$11-C79)/$D$11)))*$I$2)>=0,((1-(ABS(($D$11-C79)/$D$11)))*$I$2),0) -> 51.143137
A80: 83 | B80: =VLOOKUP(A80,'LISTA DE OFERENTES'!$A$4:$B$102,2,FALSE) -> JOYCO S.A.S BIC | C80: =+'EXPERIENCIA DEL PROPONENTE'!C1303 -> 2795.9777 | E80: =$D$11-C80 -> -428.09682 | F80: =+IF(((1-(ABS(($D$11-C80)/$D$11)))*$I$2)>=0,((1-(ABS(($D$11-C80)/$D$11)))*$I$2),0) -> 55.296457
A81: 84 | B81: =VLOOKUP(A81,'LISTA DE OFERENTES'!$A$4:$B$102,2,FALSE) -> ARCA ARQUITECTURA E INGENIERÍA S.A | C81: =+'EXPERIENCIA DEL PROPONENTE'!C1316 -> 3193.3492 | E81: =$D$11-C81 -> -825.46831 | F81: =+IF(((1-(ABS(($D$11-C81)/$D$11)))*$I$2)>=0,((1-(ABS(($D$11-C81)/$D$11)))*$I$2),0) -> 43.968786
A82: 85 | B82: =VLOOKUP(A82,'LISTA DE OFERENTES'!$A$4:$B$102,2,FALSE) -> CONSORCIO PROES LATAM | C82: =+'EXPERIENCIA DEL PROPONENTE'!C1331 -> 3766.8935 | E82: =$D$11-C82 -> -1399.0127 | F82: =+IF(((1-(ABS(($D$11-C82)/$D$11)))*$I$2)>=0,((1-(ABS(($D$11-C82)/$D$11)))*$I$2),0) -> 27.619042
A83: 86 | B83: =VLOOKUP(A83,'LISTA DE OFERENTES'!$A$4:$B$102,2,FALSE) -> CONSORCIO GIS CONSERVIAL | C83: =+'EXPERIENCIA DEL PROPONENTE'!C1347 -> 2766.0129 | E83: =$D$11-C83 -> -398.13202 | F83: =+IF(((1-(ABS(($D$11-C83)/$D$11)))*$I$2)>=0,((1-(ABS(($D$11-C83)/$D$11)))*$I$2),0) -> 56.150649
A84: 87 | B84: =VLOOKUP(A84,'LISTA DE OFERENTES'!$A$4:$B$102,2,FALSE) -> CONSORCIO VIAL UJM | C84: =+'EXPERIENCIA DEL PROPONENTE'!C1362 -> 1687.4699 | E84: =$D$11-C84 -> 680.41092 | F84: =+IF(((1-(ABS(($D$11-C84)/$D$11)))*$I$2)>=0,((1-(ABS(($D$11-C84)/$D$11)))*$I$2),0) -> 48.103865
A85: 88 | B85: =VLOOKUP(A85,'LISTA DE OFERENTES'!$A$4:$B$102,2,FALSE) -> CONSORCIO MVIAL 2025 | C85: =+'EXPERIENCIA DEL PROPONENTE'!C1378 -> 1496.6593 | E85: =$D$11-C85 -> 871.2216 | F85: =+IF(((1-(ABS(($D$11-C85)/$D$11)))*$I$2)>=0,((1-(ABS(($D$11-C85)/$D$11)))*$I$2),0) -> 42.66452
A86: 90 | B86: =VLOOKUP(A86,'LISTA DE OFERENTES'!$A$4:$B$102,2,FALSE) -> CONSORCIO ALIANZA KENNEDY 2025 | C86: =+'EXPERIENCIA DEL PROPONENTE'!C1410 -> 1660.8654 | E86: =$D$11-C86 -> 707.01545 | F86: =+IF(((1-(ABS(($D$11-C86)/$D$11)))*$I$2)>=0,((1-(ABS(($D$11-C86)/$D$11)))*$I$2),0) -> 47.345463
A87: 91 | B87: =VLOOKUP(A87,'LISTA DE OFERENTES'!$A$4:$B$102,2,FALSE) -> TECNUMEC SAS | C87: =+'EXPERIENCIA DEL PROPONENTE'!C1425 -> 2061.8775 | E87: =$D$11-C87 -> 306.00331 | F87: =+IF(((1-(ABS(($D$11-C87)/$D$11)))*$I$2)>=0,((1-(ABS(($D$11-C87)/$D$11)))*$I$2),0) -> 58.776916
A88: 92 | B88: =VLOOKUP(A88,'LISTA DE OFERENTES'!$A$4:$B$102,2,FALSE) -> ALIANZA INTEGRAL DE PROYECTOS SAS BIC | C88: =+'EXPERIENCIA DEL PROPONENTE'!C1441 -> 2225.1775 | E88: =$D$11-C88 -> 142.70333 | F88: =+IF(((1-(ABS(($D$11-C88)/$D$11)))*$I$2)>=0,((1-(ABS(($D$11-C88)/$D$11)))*$I$2),0) -> 63.432027
A89: 93 | B89: =VLOOKUP(A89,'LISTA DE OFERENTES'!$A$4:$B$102,2,FALSE) -> UT MALLA VIAL KENNEDY 2025 | C89: =+'EXPERIENCIA DEL PROPONENTE'!C1458 -> 4724.8197 | E89: =$D$11-C89 -> -2356.9389 | F89: =+IF(((1-(ABS(($D$11-C89)/$D$11)))*$I$2)>=0,((1-(ABS(($D$11-C89)/$D$11)))*$I$2),0) -> 0.31191694
A90: 94 | B90: =VLOOKUP(A90,'LISTA DE OFERENTES'!$A$4:$B$102,2,FALSE) -> CONSORCIO VIAS LOCALES AEPRO | C90: =+'EXPERIENCIA DEL PROPONENTE'!C1473 -> 1274.9422 | E90: =$D$11-C90 -> 1092.9386 | F90: =+IF(((1-(ABS(($D$11-C90)/$D$11)))*$I$2)>=0,((1-(ABS(($D$11-C90)/$D$11)))*$I$2),0) -> 36.344143
A91: 96 | B91: =VLOOKUP(A91,'LISTA DE OFERENTES'!$A$4:$B$102,2,FALSE) -> CONSORCIO INTERVENTORÍA COANDINA | C91: =+'EXPERIENCIA DEL PROPONENTE'!C1507 -> 2007.3031 | E91: =$D$11-C91 -> 360.57779 | F91: =+IF(((1-(ABS(($D$11-C91)/$D$11)))*$I$2)>=0,((1-(ABS(($D$11-C91)/$D$11)))*$I$2),0) -> 57.221189
A92: 98 | B92: =VLOOKUP(A92,'LISTA DE OFERENTES'!$A$4:$B$102,2,FALSE) -> CONSORCIO INT CONSERVACION 2025 | C92: =+'EXPERIENCIA DEL PROPONENTE'!C1536 -> 2220.8306 | E92: =$D$11-C92 -> 147.05022 | F92: =+IF(((1-(ABS(($D$11-C92)/$D$11)))*$I$2)>=0,((1-(ABS(($D$11-C92)/$D$11)))*$I$2),0) -> 63.308113

Sheet OBRAS INCONCLUSAS
A1: FONDO DE DESARROLLO LOCAL DE KENNEDY
A2: FDLK-CMA-003-2025
A3: REALIZAR LA INTERVENTORIA, TECNICA, ADMINISTRATIVA, JURIDICA, FINANCIERA, SOCIAL, AMBIENTAL Y DE SEGURIDAD Y SALUD EN EL TRABAJO AL CONTRATO QUE TIENE COMO OBJETO "REALIZAR LAS OBRAS DE CONSERVACIÓN DE LA MALLA VIAL Y ESPACIO PÚBLICO ASOCIADO EN LA LOCALIDAD DE KENNEDY, BOGOTÁ, D.C. A TRAVÉS DEL SISTEMA DE PRECIOS UNITARIOS FIJOS Y A MONTO AGOTABLE
A5: No. | B5: NOMBRE DEL OFERENTE | C5: VERIFICACIÓN REGISTRO NACIONAL DE OBRAS INCONCLUSAS
A6: 1 | B6: =VLOOKUP(A6,'LISTA DE OFERENTES'!$A$4:$B$102,2,FALSE) -> CONSORCIO INGESCOR R 8 | C6: NO REGISTRA OBRAS INCONCLUSAS
A7: 2 | B7: =VLOOKUP(A7,'LISTA DE OFERENTES'!$A$4:$B$102,2,FALSE) -> CONSORCIO INTER 3A | C7: NO REGISTRA OBRAS INCONCLUSAS
A8: 3 | B8: =VLOOKUP(A8,'LISTA DE OFERENTES'!$A$4:$B$102,2,FALSE) -> GRUPO METRO COLOMBIA SAS | C8: NO REGISTRA OBRAS INCONCLUSAS
A9: 4 | B9: =VLOOKUP(A9,'LISTA DE OFERENTES'!$A$4:$B$102,2,FALSE) -> CONSORCIO ECOS KENNEDY 003 | C9: NO REGISTRA OBRAS INCONCLUSAS
A10: 5 | B10: =VLOOKUP(A10,'LISTA DE OFERENTES'!$A$4:$B$102,2,FALSE) -> COMPAÑÍA DE PROYECTOS TECNICOS CPT S.A | C10: NO REGISTRA OBRAS INCONCLUSAS
A11: 6 | B11: =VLOOKUP(A11,'LISTA DE OFERENTES'!$A$4:$B$102,2,FALSE) -> CONSORCIO INTERMALLA VIAL LK | C11: NO REGISTRA OBRAS INCONCLUSAS
A12: 7 | B12: =VLOOKUP(A12,'LISTA DE OFERENTES'!$A$4:$B$102,2,FALSE) -> SADING GROUP S.A.S | C12: NO REGISTRA OBRAS INCONCLUSAS
A13: 8 | B13: =VLOOKUP(A13,'LISTA DE OFERENTES'!$A$4:$B$102,2,FALSE) -> CONSORCIO INTERKENNEDY AI | C13: NO REGISTRA OBRAS INCONCLUSAS
A14: 9 | B14: =VLOOKUP(A14,'LISTA DE OFERENTES'!$A$4:$B$102,2,FALSE) -> CONSORCIO KENNEDY003 | C14: NO REGISTRA OBRAS INCONCLUSAS
A15: 10 | B15: =VLOOKUP(A15,'LISTA DE OFERENTES'!$A$4:$B$102,2,FALSE) -> CIVING INGENIEROS CONTRATISTAS S.A.S | C15: NO REGISTRA OBRAS INCONCLUSAS
A16: 11 | B16: =VLOOKUP(A16,'LISTA DE OFERENTES'!$A$4:$B$102,2,FALSE) -> CONSORCIO EMPRESARIAL | C16: NO REGISTRA OBRAS INCONCLUSAS
A17: 12 | B17: =VLOOKUP(A17,'LISTA DE OFERENTES'!$A$4:$B$102,2,FALSE) -> CONSORCIO KENNEDY INTERESVIAL | C17: NO REGISTRA OBRAS INCONCLUSAS
... A104: 99 | B104: =VLOOKUP(A104,'LISTA DE OFERENTES'!$A$4:$B$102,2,FALSE) -> CONSORCIO INTERKENNEDY 2025 | C104: YOHAN FAHIR BERMUDEZ PARRA REGISTRA REPORTE DE OBRAS INCONCLUSAS

Sheet F. PONDERABLES
A1: FONDO DE DESARROLLO LOCAL DE KENNEDY
A2: LICITACIÓN DE OBRA PÚBLICA FDLK-CMA-003-2025
A3: FACTORES PONDERABLES
A6: NOMBRE OFERENTE | C6: EXPERIENCIA DEL PROPONENTE (67,5 PUNTOS) | D6: EQUIPO DE TRABAJO (10 PUNTOS) | E6: FACTOR DE SOSTENIBILIDAD (1 PUNTO) | F6: APOYO A LA INDUSTRIA NACIONAL (20 PUNTOS) | G6: VINCULACIÓN DE PERSONAS CON DISCAPACIDAD (1 PUNTO) | H6: EMPRENDIMIENTO Y EMPRESAS MUJERES (0,25 PUNTOS) | I6: MIPYME (0,25 PUNTOS) | J6: MULTAS Y SANCIONES (-2 PUNTOS) | K6: OBRAS INCONCLUSAS (-1 PUNTO) | L6: PUNTAJE TOTAL | M6: OBSERVACIONES
A7: 1 | B7: =VLOOKUP(A7,'LISTA DE OFERENTES'!$A$4:$B$102,2,FALSE) -> CONSORCIO INGESCOR R 8 | C7: =+VLOOKUP(A7,'MEDIANA VALOR ABS'!$A$11:$F$92,6,FALSE) -> 60.60006 | D7: 10 | E7: 1 | F7: 20 | G7: 1 | H7: 0.25 | I7: 0.25 | J7: 0 | K7: 0 | L7: =SUM(C7:K7) -> 93.10006
A8: 2 | B8: =VLOOKUP(A8,'LISTA DE OFERENTES'!$A$4:$B$102,2,FALSE) -> CONSORCIO INTER 3A | C8: =+VLOOKUP(A8,'MEDIANA VALOR ABS'!$A$11:$F$92,6,FALSE) -> 60.888388 | D8: 10 | E8: 1 | F8: 20 | G8: 1 | H8: 0.25 | I8: 0.25 | J8: 0 | K8: 0 | L8: =SUM(C8:K8) -> 93.388388
A9: 3 | B9: =VLOOKUP(A9,'LISTA DE OFERENTES'!$A$4:$B$102,2,FALSE) -> GRUPO METRO COLOMBIA SAS | C9: =+VLOOKUP(A9,'MEDIANA VALOR ABS'!$A$11:$F$92,6,FALSE) -> 61.498215 | D9: 10 | E9: 1 | F9: 20 | G9: 1 | H9: 0.25 | I9: 0.25 | J9: 0 | K9: 0 | L9: =SUM(C9:K9) -> 93.998215
A10: 4 | B10: =VLOOKUP(A10,'LISTA DE OFERENTES'!$A$4:$B$102,2,FALSE) -> CONSORCIO ECOS KENNEDY 003 | C10: =+VLOOKUP(A10,'MEDIANA VALOR ABS'!$A$11:$F$92,6,FALSE) -> 54.341339 | D10: 10 | E10: 1 | F10: 0 | G10: 1 | H10: 0.25 | I10: 0.25 | J10: 0 | K10: 0 | L10: =SUM(C10:K10) -> 66.841339 | M10: No se otorga puntaje por apoyo a la industria nacional considerando que el ofrecimiento fue del 40% mas no del 100% según lo solicitado en el numeral 4.1.7.1. PROMOCION DE SERVICIOS NACIONALES O CON TRATO NACIONAL
A11: 5 | B11: =VLOOKUP(A11,'LISTA DE OFERENTES'!$A$4:$B$102,2,FALSE) -> COMPAÑÍA DE PROYECTOS TECNICOS CPT S.A | C11: =+VLOOKUP(A11,'MEDIANA VALOR ABS'!$A$11:$F$92,6,FALSE) -> 62.187057 | D11: 10 | E11: 1 | F11: 20 | G11: 1 | H11: 0.25 | I11: 0.25 | J11: 0 | K11: 0 | L11: =SUM(C11:K11) -> 94.687057
A12: 6 | B12: =VLOOKUP(A12,'LISTA DE OFERENTES'!$A$4:$B$102,2,FALSE) -> CONSORCIO INTERMALLA VIAL LK | C12: =+VLOOKUP(A12,'MEDIANA VALOR ABS'!$A$11:$F$92,6,FALSE) -> 48.558708 | D12: 10 | E12: 1 | F12: 20 | G12: 1 | H12: 0.25 | I12: 0.25 | J12: 0 | K12: 0 | L12: =SUM(C12:K12) -> 81.058708
A13: 7 | B13: =VLOOKUP(A13,'LISTA DE OFERENTES'!$A$4:$B$102,2,FALSE) -> SADING GROUP S.A.S | C13: =+VLOOKUP(A13,'MEDIANA VALOR ABS'!$A$11:$F$92,6,FALSE) -> 55.088156 | D13: 10 | E13: 1 | F13: 0 | G13: 1 | H13: 0.25 | I13: 0.25 | J13: 0 | K13: 0 | L13: =SUM(C13:K13) -> 67.588156 | M13: No se otorga puntaje por apoyo a la industria nacional considerando que el ofrecimiento fue del 90% mas no del 100% según lo solicitado en el numeral 4.1.7.1. PROMOCION DE SERVICIOS NACIONALES O CON TRATO NACIONAL
A14: 8 | B14: =VLOOKUP(A14,'LISTA DE OFERENTES'!$A$4:$B$102,2,FALSE) -> CONSORCIO INTERKENNEDY AI | C14: =+VLOOKUP(A14,'MEDIANA VALOR ABS'!$A$11:$F$92,6,FALSE) -> 46.361105 | D14: 10 | E14: 1 | F14: 20 | G14: 1 | H14: 0.25 | I14: 0.25 | J14: 0 | K14: 0 | L14: =SUM(C14:K14) -> 78.861105
A15: 9 | B15: =VLOOKUP(A15,'LISTA DE OFERENTES'!$A$4:$B$102,2,FALSE) -> CONSORCIO KENNEDY003 | C15: =+VLOOKUP(A15,'MEDIANA VALOR ABS'!$A$11:$F$92,6,FALSE) -> 64.927313 | D15: 10 | E15: 1 | F15: 20 | G15: 1 | H15: 0.25 | I15: 0.25 | J15: 0 | K15: 0 | L15: =SUM(C15:K15) -> 97.427313
A16: 10 | B16: =VLOOKUP(A16,'LISTA DE OFERENTES'!$A$4:$B$102,2,FALSE) -> CIVING INGENIEROS CONTRATISTAS S.A.S | C16: =+VLOOKUP(A16,'MEDIANA VALOR ABS'!$A$11:$F$92,6,FALSE) -> 32.275707 | D16: 10 | E16: 1 | F16: 20 | G16: 1 | H16: 0.25 | I16: 0.25 | J16: 0 | K16: 0 | L16: =SUM(C16:K16) -> 64.775707
A17: 11 | B17: =VLOOKUP(A17,'LISTA DE OFERENTES'!$A$4:$B$102,2,FALSE) -> CONSORCIO EMPRESARIAL | C17: =+VLOOKUP(A17,'MEDIANA VALOR ABS'!$A$11:$F$92,6,FALSE) -> 63.231081 | D17: 10 | E17: 1 | F17: 20 | G17: 1 | H17: 0.25 | I17: 0.25 | J17: 0 | K17: 0 | L17: =SUM(C17:K17) -> 95.731081
A18: 12 | B18: =VLOOKUP(A18,'LISTA DE OFERENTES'!$A$4:$B$102,2,FALSE) -> CONSORCIO KENNEDY INTERESVIAL | C18: =+VLOOKUP(A18,'MEDIANA VALOR ABS'!$A$11:$F$92,6,FALSE) -> 40.991048 | D18: 10 | E18: 1 | F18: 20 | G18: 1 | H18: 0.25 | I18: 0.25 | J18: 0 | K18: 0 | L18: =SUM(C18:K18) -> 73.491048
A19: 13 | B19: =VLOOKUP(A19,'LISTA DE OFERENTES'!$A$4:$B$102,2,FALSE) -> UNIOBRAS DEL ORIENTE SAS | C19: =+VLOOKUP(A19,'MEDIANA VALOR ABS'!$A$11:$F$92,6,FALSE) -> 0 | D19: 10 | E19: 1 | F19: 0 | G19: 1 | H19: 0.25 | I19: 0.25 | J19: 0 | K19: 0 | L19: =SUM(C19:K19) -> 12.5 | M19: No se otorga puntaje por apoyo a la industria nacional considerando que el ofrecimiento fue del 80% mas no del 100% según lo solicitado en el numeral 4.1.7.1. PROMOCION DE SERVICIOS NACIONALES O CON TRATO NACIONAL
A20: 14 | B20: =VLOOKUP(A20,'LISTA DE OFERENTES'!$A$4:$B$102,2,FALSE) -> CONSORCIO HUPK VIAS DE KENNEDY | C20: =+VLOOKUP(A20,'MEDIANA VALOR ABS'!$A$11:$F$92,6,FALSE) -> 46.56677 | D20: 10 | E20: 1 | F20: 20 | G20: 1 | H20: 0.25 | I20: 0.25 | J20: 0 | K20: 0 | L20: =SUM(C20:K20) -> 79.06677
A21: 15 | B21: =VLOOKUP(A21,'LISTA DE OFERENTES'!$A$4:$B$102,2,FALSE) -> INGEVAL SAS | C21: =+VLOOKUP(A21,'MEDIANA VALOR ABS'!$A$11:$F$92,6,FALSE) -> 59.175248 | D21: 10 | E21: 1 | F21: 20 | G21: 1 | H21: 0.25 | I21: 0.25 | J21: 0 | K21: 0 | L21: =SUM(C21:K21) -> 91.675248
A22: 16 | B22: =VLOOKUP(A22,'LISTA DE OFERENTES'!$A$4:$B$102,2,FALSE) -> CONSORCIO MALLA VIAL G&G | C22: =+VLOOKUP(A22,'MEDIANA VALOR ABS'!$A$11:$F$92,6,FALSE) -> 48.045439 | D22: 10 | E22: 1 | F22: 0 | G22: 1 | H22: 0.25 | I22: 0.25 | J22: 0 | K22: 0 | L22: =SUM(C22:K22) -> 60.545439 | M22: No se otorga puntaje por apoyo a la industria nacional considerando que el ofrecimiento fue del 90% mas no del 100% según lo solicitado en el numeral 4.1.7.1. PROMOCION DE SERVICIOS NACIONALES O CON TRATO NACIONAL
A23: 17 | B23: =VLOOKUP(A23,'LISTA DE OFERENTES'!$A$4:$B$102,2,FALSE) -> CONSORCIO KENNEDY LGI | C23: =+VLOOKUP(A23,'MEDIANA VALOR ABS'!$A$11:$F$92,6,FALSE) -> 61.893832 | D23: 10 | E23: 1 | F23: 20 | G23: 1 | H23: 0.25 | I23: 0.25 | J23: 0 | K23: 0 | L23: =SUM(C23:K23) -> 94.393832
A24: 18 | B24: =VLOOKUP(A24,'LISTA DE OFERENTES'!$A$4:$B$102,2,FALSE) -> ICE SAS | C24: =+VLOOKUP(A24,'MEDIANA VALOR ABS'!$A$11:$F$92,6,FALSE) -> #N/A | D24: 10 | E24: 1 | F24: 20 | G24: 1 | H24: 0 | I24: 0.25 | J24: 0 | K24: 0 | L24: =SUM(C24:K24) -> #N/A | M24: No acredita documentos de EMPRENDIMIENTOS Y EMPRESAS DE MUJERES
A25: 19 | B25: =VLOOKUP(A25,'LISTA DE OFERENTES'!$A$4:$B$102,2,FALSE) -> CONSORCIO INTERKENNEDY CC | C25: =+VLOOKUP(A25,'MEDIANA VALOR ABS'!$A$11:$F$92,6,FALSE) -> #N/A | D25: 10 | E25: 1 | F25: 0 | G25: 1 | H25: 0 | I25: 0.25 | J25: 0 | K25: 0 | L25: =SUM(C25:K25) -> #N/A | M25: No se otorga puntaje por apoyo a la industria nacional considerando que el ofrecimiento fue del 90% mas no del 100% según lo solicitado en el numeral 4.1.7.1. PROMOCION DE SERVICIOS NACIONALES O CON TRATO NACIONAL No acredita documentos de EMPRENDIMIENTOS Y EMPRESAS DE MUJERES
A26: 20 | B26: =VLOOKUP(A26,'LISTA DE OFERENTES'!$A$4:$B$102,2,FALSE) -> CONSORCIO INTER VIAS KENNEDY | C26: =+VLOOKUP(A26,'MEDIANA VALOR ABS'!$A$11:$F$92,6,FALSE) -> 62.411349 | D26: 10 | E26: 1 | F26: 20 | G26: 1 | H26: 0.25 | I26: 0.25 | J26: 0 | K26: 0 | L26: =SUM(C26:K26) -> 94.911349
A27: 21 | B27: =VLOOKUP(A27,'LISTA DE OFERENTES'!$A$4:$B$102,2,FALSE) -> HMV SOLUCIONES SAS | C27: =+VLOOKUP(A27,'MEDIANA VALOR ABS'!$A$11:$F$92,6,FALSE) -> 65.318593 | D27: 10 | E27: 1 | F27: 20 | G27: 1 | H27: 0.25 | I27: 0.25 | L27: =SUM(C27:K27) -> 97.818593
A28: 22 | B28: =VLOOKUP(A28,'LISTA DE OFERENTES'!$A$4:$B$102,2,FALSE) -> UMBRELLA INTERNATIONAL S.A.S | C28: =+VLOOKUP(A28,'MEDIANA VALOR ABS'!$A$11:$F$92,6,FALSE) -> 63.725097 | D28: 10 | E28: 1 | F28: 20 | G28: 1 | H28: 0.25 | I28: 0.25 | L28: =SUM(C28:K28) -> 96.225097
A29: 23 | B29: =VLOOKUP(A29,'LISTA DE OFERENTES'!$A$4:$B$102,2,FALSE) -> CONSORCIO DS | C29: =+VLOOKUP(A29,'MEDIANA VALOR ABS'!$A$11:$F$92,6,FALSE) -> #N/A | D29: 10 | E29: 1 | F29: 20 | G29: 1 | H29: 0 | I29: 0.25 | L29: =SUM(C29:K29) -> #N/A | M29: EL OFERENTE NO APORTA DOCUMENTOS PARA OTORGAR EL PUNTAJE POR EMPRENDIMIENTO Y EMPRESAS DE MUJERES
A30: 24 | B30: =VLOOKUP(A30,'LISTA DE OFERENTES'!$A$4:$B$102,2,FALSE) -> CONSORCIO INTERKENNEDY MV | C30: =+VLOOKUP(A30,'MEDIANA VALOR ABS'!$A$11:$F$92,6,FALSE) -> 43.290485 | D30: 10 | E30: 1 | F30: 20 | G30: 1 | H30: 0.25 | I30: 0.25 | L30: =SUM(C30:K30) -> 75.790485
A31: 25 | B31: =VLOOKUP(A31,'LISTA DE OFERENTES'!$A$4:$B$102,2,FALSE) -> CONSULTORES DONOVAN S.A.S | C31: =+VLOOKUP(A31,'MEDIANA VALOR ABS'!$A$11:$F$92,6,FALSE) -> 67.5 | D31: 10 | E31: 1 | F31: 20 | G31: 1 | H31: 0.25 | I31: 0.25 | L31: =SUM(C31:K31) -> 100
A32: 26 | B32: =VLOOKUP(A32,'LISTA DE OFERENTES'!$A$4:$B$102,2,FALSE) -> CONSORCIO KENNEDY JINT 3 | C32: =+VLOOKUP(A32,'MEDIANA VALOR ABS'!$A$11:$F$92,6,FALSE) -> 66.346591 | D32: 10 | E32: 1 | F32: 20 | G32: 1 | H32: 0.25 | I32: 0.25 | L32: =SUM(C32:K32) -> 98.846591
A33: 27 | B33: =VLOOKUP(A33,'LISTA DE OFERENTES'!$A$4:$B$102,2,FALSE) -> CONSORCIO CONSERVACION MO 003 | C33: =+VLOOKUP(A33,'MEDIANA VALOR ABS'!$A$11:$F$92,6,FALSE) -> 60.725041 | D33: 10 | E33: 1 | F33: 20 | G33: 1 | H33: 0.25 | I33: 0.25 | L33: =SUM(C33:K33) -> 93.225041
A34: 28 | B34: =VLOOKUP(A34,'LISTA DE OFERENTES'!$A$4:$B$102,2,FALSE) -> CONSORCIO SERBET KENNEDY | C34: =+VLOOKUP(A34,'MEDIANA VALOR ABS'!$A$11:$F$92,6,FALSE) -> 59.888968 | D34: 10 | E34: 1 | F34: 20 | G34: 1 | H34: 0.25 | I34: 0.25 | L34: =SUM(C34:K34) -> 92.388968
A35: 29 | B35: =VLOOKUP(A35,'LISTA DE OFERENTES'!$A$4:$B$102,2,FALSE) -> INTERLAB INGENIERIA S.A.S | C35: =+VLOOKUP(A35,'MEDIANA VALOR ABS'!$A$11:$F$92,6,FALSE) -> #N/A | D35: 10 | E35: 1 | F35: 20 | G35: 0 | H35: 0.25 | I35: 0.25 | L35: =SUM(C35:K35) -> #N/A | M35: EL OFERENTE NO APORTA DOCUMENTOS PARA OTORGAR EL PUNTAJE POR VINCULACIÓN DE PERSONAS CON DISCAPACIDAD
A36: 30 | B36: =VLOOKUP(A36,'LISTA DE OFERENTES'!$A$4:$B$102,2,FALSE) -> CONSORCIO KENNEDY 2025 | C36: =+VLOOKUP(A36,'MEDIANA VALOR ABS'!$A$11:$F$92,6,FALSE) -> 19.912757 | D36: 10 | E36: 1 | F36: 20 | G36: 1 | H36: 0.25 | I36: 0.25 | L36: =SUM(C36:K36) -> 52.412757
A37: 31 | B37: =VLOOKUP(A37,'LISTA DE OFERENTES'!$A$4:$B$102,2,FALSE) -> MGC VIAS KENNEDY. | C37: =+VLOOKUP(A37,'MEDIANA VALOR ABS'!$A$11:$F$92,6,FALSE) -> 57.050958 | D37: 10 | E37: 1 | F37: 20 | G37: 1 | H37: 0.25 | I37: 0.25 | L37: =SUM(C37:K37) -> 89.550958
A38: 32 | B38: =VLOOKUP(A38,'LISTA DE OFERENTES'!$A$4:$B$102,2,FALSE) -> CONSORCIO TECNOLOGICO 11. | C38: =+VLOOKUP(A38,'MEDIANA VALOR ABS'!$A$11:$F$92,6,FALSE) -> 55.729363 | D38: 10 | E38: 1 | F38: 20 | G38: 1 | H38: 0.25 | I38: 0.25 | L38: =SUM(C38:K38) -> 88.229363
A39: 33 | B39: =VLOOKUP(A39,'LISTA DE OFERENTES'!$A$4:$B$102,2,FALSE) -> CONSORCIO INTERPROVIAL KENNEDY | C39: =+VLOOKUP(A39,'MEDIANA VALOR ABS'!$A$11:$F$92,6,FALSE) -> 0 | D39: 10 | E39: 1 | F39: 20 | G39: 1 | H39: 0.25 | I39: 0.25 | L39: =SUM(C39:K39) -> 32.5
A40: 34 | B40: =VLOOKUP(A40,'LISTA DE OFERENTES'!$A$4:$B$102,2,FALSE) -> CONSORCIO TECHOTIBA. | C40: =+VLOOKUP(A40,'MEDIANA VALOR ABS'!$A$11:$F$92,6,FALSE) -> 63.897337 | D40: 10 | E40: 1 | F40: 20 | G40: 1 | H40: 0.25 | I40: 0.25 | L40: =SUM(C40:K40) -> 96.397337
A41: 35 | B41: =VLOOKUP(A41,'LISTA DE OFERENTES'!$A$4:$B$102,2,FALSE) -> IAR PROYECTOS SAS | C41: =+VLOOKUP(A41,'MEDIANA VALOR ABS'!$A$11:$F$92,6,FALSE) -> 66.814112 | D41: 10 | E41: 1 | F41: 20 | G41: 1 | H41: 0.25 | I41: 0.25 | L41: =SUM(C41:K41) -> 99.314112
A42: 36 | B42: =VLOOKUP(A42,'LISTA DE OFERENTES'!$A$4:$B$102,2,FALSE) -> CONSORCIO INTERURBANO | C42: =+VLOOKUP(A42,'MEDIANA VALOR ABS'!$A$11:$F$92,6,FALSE) -> 0 | D42: 10 | E42: 1 | F42: 20 | G42: 1 | H42: 0 | I42: 0.25 | L42: =SUM(C42:K42) -> 32.25
A43: 37 | B43: =VLOOKUP(A43,'LISTA DE OFERENTES'!$A$4:$B$102,2,FALSE) -> CONSORCIO INTERVIAL KENNEDY. | C43: =+VLOOKUP(A43,'MEDIANA VALOR ABS'!$A$11:$F$92,6,FALSE) -> #N/A | D43: 10 | E43: 1 | F43: 20 | G43: 1 | H43: 0.25 | I43: 0.25 | L43: =SUM(C43:K43) -> #N/A
A44: 38 | B44: =VLOOKUP(A44,'LISTA DE OFERENTES'!$A$4:$B$102,2,FALSE) -> CONSORCIO SPL INGENIERÍA 78 | C44: =+VLOOKUP(A44,'MEDIANA VALOR ABS'!$A$11:$F$92,6,FALSE) -> 32.16749 | D44: 10 | E44: 1 | F44: 20 | G44: 1 | H44: 0.25 | I44: 0.25 | L44: =SUM(C44:K44) -> 64.66749
A45: 39 | B45: =VLOOKUP(A45,'LISTA DE OFERENTES'!$A$4:$B$102,2,FALSE) -> CONSORCIO VIAL TAED KENNEDY | C45: =+VLOOKUP(A45,'MEDIANA VALOR ABS'!$A$11:$F$92,6,FALSE) -> #N/A | D45: 10 | E45: 1 | F45: 20 | G45: 0 | H45: 0.25 | I45: 0.25 | L45: =SUM(C45:K45) -> #N/A | M45: EL OFERENTE NO APORTA DOCUMENTOS PARA OTORGAR EL PUNTAJE POR VINCULACIÓN DE PERSONAS CON DISCAPACIDAD
A46: 40 | B46: =VLOOKUP(A46,'LISTA DE OFERENTES'!$A$4:$B$102,2,FALSE) -> CONSORCIO CONEXIÓN VIAL KENNEDY. | C46: =+VLOOKUP(A46,'MEDIANA VALOR ABS'!$A$11:$F$92,6,FALSE) -> 62.229472 | D46: 10 | E46: 1 | F46: 20 | G46: 1 | H46: 0.25 | I46: 0.25 | L46: =SUM(C46:K46) -> 94.729472
A47: 41 | B47: =VLOOKUP(A47,'LISTA DE OFERENTES'!$A$4:$B$102,2,FALSE) -> CB INGENIEROS S.A.S | C47: =+VLOOKUP(A47,'MEDIANA VALOR ABS'!$A$11:$F$92,6,FALSE) -> 58.927605 | D47: 10 | E47: 1 | F47: 20 | G47: 1 | H47: 0.25 | I47: 0.25 | L47: =SUM(C47:K47) -> 91.427605
A48: 42 | B48: =VLOOKUP(A48,'LISTA DE OFERENTES'!$A$4:$B$102,2,FALSE) -> INGENIEROS CONSTRUCTORES Y ASESORES S.A.S | C48: =+VLOOKUP(A48,'MEDIANA VALOR ABS'!$A$11:$F$92,6,FALSE) -> #N/A | D48: 10 | E48: 1 | F48: 20 | G48: 1 | H48: 0.25 | I48: 0.25 | L48: =SUM(C48:K48) -> #N/A
A49: 43 | B49: =VLOOKUP(A49,'LISTA DE OFERENTES'!$A$4:$B$102,2,FALSE) -> CONSORCIO VIAL KENNEDY | C49: =+VLOOKUP(A49,'MEDIANA VALOR ABS'!$A$11:$F$92,6,FALSE) -> 53.90271 | D49: 10 | E49: 1 | F49: 20 | G49: 1 | H49: 0.25 | I49: 0.25 | L49: =SUM(C49:K49) -> 86.40271
A50: 44 | B50: =VLOOKUP(A50,'LISTA DE OFERENTES'!$A$4:$B$102,2,FALSE) -> CONSORCIO INFRAESTRUCTURA KENNEDY 2025. | C50: =+VLOOKUP(A50,'MEDIANA VALOR ABS'!$A$11:$F$92,6,FALSE) -> 54.62715 | D50: 10 | E50: 1 | F50: 20 | G50: 1 | H50: 0.25 | I50: 0.25 | L50: =SUM(C50:K50) -> 87.12715
A51: 45 | B51: =VLOOKUP(A51,'LISTA DE OFERENTES'!$A$4:$B$102,2,FALSE) -> CONSORCIO ALFAYIZIN | C51: =+VLOOKUP(A51,'MEDIANA VALOR ABS'!$A$11:$F$92,6,FALSE) -> #N/A | D51: 10 | E51: 1 | F51: 20 | G51: 1 | H51: 0.25 | I51: 0.25 | L51: =SUM(C51:K51) -> #N/A
A52: 46 | B52: =VLOOKUP(A52,'LISTA DE OFERENTES'!$A$4:$B$102,2,FALSE) -> TERRA PROYECTOS CIVILES S.A.S | C52: =+VLOOKUP(A52,'MEDIANA VALOR ABS'!$A$11:$F$92,6,FALSE) -> #N/A | D52: 10 | E52: 1 | F52: 20 | G52: 1 | H52: 0.25 | I52: 0.25 | L52: =SUM(C52:K52) -> #N/A
A53: 47 | B53: =VLOOKUP(A53,'LISTA DE OFERENTES'!$A$4:$B$102,2,FALSE) -> ARQUITECTURA E INGENIERIA DE CONSULTA ARINCO S.A.S | C53: =+VLOOKUP(A53,'MEDIANA VALOR ABS'!$A$11:$F$92,6,FALSE) -> 48.04968 | D53: 10 | E53: 1 | F53: 20 | G53: 1 | H53: 0.25 | I53: 0.25 | L53: =SUM(C53:K53) -> 80.54968
A54: 48 | B54: =VLOOKUP(A54,'LISTA DE OFERENTES'!$A$4:$B$102,2,FALSE) -> SAVIMAC SAS. | C54: =+VLOOKUP(A54,'MEDIANA VALOR ABS'!$A$11:$F$92,6,FALSE) -> 43.078425 | D54: 10 | E54: 1 | F54: 20 | G54: 1 | H54: 0.25 | I54: 0.25 | L54: =SUM(C54:K54) -> 75.578425
A55: 49 | B55: =VLOOKUP(A55,'LISTA DE OFERENTES'!$A$4:$B$102,2,FALSE) -> CONSORCIO VÍAS URBANAS P&C K-003 - 2025. | C55: =+VLOOKUP(A55,'MEDIANA VALOR ABS'!$A$11:$F$92,6,FALSE) -> 47.534696 | D55: 10 | E55: 1 | F55: 20 | G55: 1 | H55: 0.25 | I55: 0.25 | L55: =SUM(C55:K55) -> 80.034696
A56: 50 | B56: =VLOOKUP(A56,'LISTA DE OFERENTES'!$A$4:$B$102,2,FALSE) -> BB CONSULTORA SAS | C56: =+VLOOKUP(A56,'MEDIANA VALOR ABS'!$A$11:$F$92,6,FALSE) -> 64.532083 | D56: 10 | E56: 1 | F56: 20 | G56: 1 | H56: 0.25 | I56: 0.25 | L56: =SUM(C56:K56) -> 97.032083
A57: 51 | B57: =VLOOKUP(A57,'LISTA DE OFERENTES'!$A$4:$B$102,2,FALSE) -> CONSORCIO KENNEDY 3M | C57: =+VLOOKUP(A57,'MEDIANA VALOR ABS'!$A$11:$F$92,6,FALSE) -> 61.634484 | D57: 10 | E57: 1 | F57: 20 | G57: 1 | H57: 0.25 | I57: 0.25 | L57: =SUM(C57:K57) -> 94.134484
... A72: 66 | B72: =VLOOKUP(A72,'LISTA DE OFERENTES'!$A$4:$B$102,2,FALSE) -> PROYECTO SANABRIA SAS | C72: =+VLOOKUP(A72,'MEDIANA VALOR ABS'!$A$11:$F$92,6,FALSE) -> 62.551918 | D72: 10 | E72: 1 | F72: 20 | G72: 1 | H72: 0.25 | I72: 0.25 | L72: =SUM(C72:K72) -> 95.051918
A73: 67 | B73: =VLOOKUP(A73,'LISTA DE OFERENTES'!$A$4:$B$102,2,FALSE) -> CONSORCIO CONSERVACIÓN VELNEC | C73: =+VLOOKUP(A73,'MEDIANA VALOR ABS'!$A$11:$F$92,6,FALSE) -> 44.773013 | D73: 10 | E73: 1 | F73: 20 | G73: 1 | H73: 0.25 | I73: 0.25 | J73: 0 | K73: 0 | L73: =SUM(C73:K73) -> 77.273013
A74: 68 | B74: =VLOOKUP(A74,'LISTA DE OFERENTES'!$A$4:$B$102,2,FALSE) -> CONSORCIO CONSERVACION KENNEDY | C74: =+VLOOKUP(A74,'MEDIANA VALOR ABS'!$A$11:$F$92,6,FALSE) -> 0 | D74: 10 | E74: 1 | F74: 20 | G74: 1 | H74: 0.25 | I74: 0.25 | J74: 0 | K74: 0 | L74: =SUM(C74:K74) -> 32.5
A75: 69 | B75: =VLOOKUP(A75,'LISTA DE OFERENTES'!$A$4:$B$102,2,FALSE) -> CONSORCIO INTERVIAL KENNEDY | C75: =+VLOOKUP(A75,'MEDIANA VALOR ABS'!$A$11:$F$92,6,FALSE) -> 55.566049 | D75: 10 | E75: 1 | F75: 20 | G75: 1 | H75: 0.25 | I75: 0.25 | J75: 0 | L75: =SUM(C75:K75) -> 88.066049
A76: 70 | B76: =VLOOKUP(A76,'LISTA DE OFERENTES'!$A$4:$B$102,2,FALSE) -> CONSORCIO SOLUCIONES IRIS | C76: =+VLOOKUP(A76,'MEDIANA VALOR ABS'!$A$11:$F$92,6,FALSE) -> 0 | D76: 10 | E76: 1 | F76: 20 | G76: 1 | H76: 0.25 | I76: 0.25 | J76: 0 | K76: 0 | L76: =SUM(C76:K76) -> 32.5
A77: 71 | B77: =VLOOKUP(A77,'LISTA DE OFERENTES'!$A$4:$B$102,2,FALSE) -> CONSORCIO KENNEDY VIAL | C77: =+VLOOKUP(A77,'MEDIANA VALOR ABS'!$A$11:$F$92,6,FALSE) -> 48.92245 | D77: 10 | E77: 1 | F77: 20 | G77: 1 | H77: 0.25 | I77: 0.25 | J77: 0 | K77: 0 | L77: =SUM(C77:K77) -> 81.17245
A78: 72 | B78: =VLOOKUP(A78,'LISTA DE OFERENTES'!$A$4:$B$102,2,FALSE) -> CONSORCIO VALICON UNIVERSAL | C78: =+VLOOKUP(A78,'MEDIANA VALOR ABS'!$A$11:$F$92,6,FALSE) -> 39.245849 | D78: 0 | E78: 1 | F78: 20 | G78: 1 | H78: 0 | I78: 0.25 | J78: 0 | K78: 0 | L78: =SUM(C78:K78) -> 61.245849 | M78: En el formato No. 9 no se relacionan los residentes en plural. No se adjunta formato FORMATO 13 A – ACREDITACIÓN DE EMPRENDIMIENTOS Y EMPRESAS DE MUJERES (PERSONA JURÍDICA).
A79: 73 | B79: =VLOOKUP(A79,'LISTA DE OFERENTES'!$A$4:$B$102,2,FALSE) -> CONSORCIO VIAL KENNEDY IC | C79: =+VLOOKUP(A79,'MEDIANA VALOR ABS'!$A$11:$F$92,6,FALSE) -> 62.596948 | D79: 10 | E79: 1 | F79: 20 | G79: 1 | H79: 0.25 | I79: 0.25 | J79: 0 | K79: 0 | L79: =SUM(C79:K79) -> 95.096948
A80: 74 | B80: =VLOOKUP(A80,'LISTA DE OFERENTES'!$A$4:$B$102,2,FALSE) -> CONSORCIO INTERVIAL GINPROSA. | C80: =+VLOOKUP(A80,'MEDIANA VALOR ABS'!$A$11:$F$92,6,FALSE) -> 66.173236 | D80: 10 | E80: 1 | F80: 20 | G80: 1 | H80: 0.25 | I80: 0.25 | J80: 0 | K80: 0 | L80: =SUM(C80:K80) -> 98.673236
A81: 75 | B81: =VLOOKUP(A81,'LISTA DE OFERENTES'!$A$4:$B$102,2,FALSE) -> CONSORCIO INTERVIAL CAPITAL | C81: =+VLOOKUP(A81,'MEDIANA VALOR ABS'!$A$11:$F$92,6,FALSE) -> 65.185813 | D81: 10 | E81: 1 | F81: 20 | G81: 1 | H81: 0.25 | I81: 0.25 | J81: 0 | K81: 0 | L81: =SUM(C81:K81) -> 97.685813
A82: 76 | B82: =VLOOKUP(A82,'LISTA DE OFERENTES'!$A$4:$B$102,2,FALSE) -> CONSORCIO MALLA VIAL KENNEDY | C82: =+VLOOKUP(A82,'MEDIANA VALOR ABS'!$A$11:$F$92,6,FALSE) -> 62.669383 | D82: 10 | E82: 1 | F82: 20 | G82: 1 | H82: 0.25 | I82: 0.25 | J82: 0 | K82: 0 | L82: =SUM(C82:K82) -> 95.169383
A83: 77 | B83: =VLOOKUP(A83,'LISTA DE OFERENTES'!$A$4:$B$102,2,FALSE) -> PROYECTOS E INTERVENTORIAS S.A.S | C83: =+VLOOKUP(A83,'MEDIANA VALOR ABS'!$A$11:$F$92,6,FALSE) -> #N/A | D83: 10 | E83: 1 | F83: 20 | G83: 1 | H83: 0.25 | I83: 0.25 | J83: 0 | K83: 0 | L83: =SUM(C83:K83) -> #N/A
A84: 78 | B84: =VLOOKUP(A84,'LISTA DE OFERENTES'!$A$4:$B$102,2,FALSE) -> Lemoine Rivera Ingenieros Asociados S.A.S | C84: =+VLOOKUP(A84,'MEDIANA VALOR ABS'!$A$11:$F$92,6,FALSE) -> #N/A | D84: 10 | E84: 1 | F84: 20 | G84: 1 | H84: 0.25 | I84: 0.25 | J84: 0 | K84: 0 | L84: =SUM(C84:K84) -> #N/A
A85: 79 | B85: =VLOOKUP(A85,'LISTA DE OFERENTES'!$A$4:$B$102,2,FALSE) -> Consorcio Escalí | C85: =+VLOOKUP(A85,'MEDIANA VALOR ABS'!$A$11:$F$92,6,FALSE) -> #N/A | D85: 10 | E85: 1 | F85: 20 | G85: 1 | H85: 0.25 | I85: 0.25 | J85: 0 | K85: 0 | L85: =SUM(C85:K85) -> #N/A
A86: 80 | B86: =VLOOKUP(A86,'LISTA DE OFERENTES'!$A$4:$B$102,2,FALSE) -> CONSORCIO CAS KENNEDY | C86: =+VLOOKUP(A86,'MEDIANA VALOR ABS'!$A$11:$F$92,6,FALSE) -> 67.360946 | D86: 10 | E86: 1 | F86: 20 | G86: 1 | H86: 0.25 | I86: 0.25 | J86: 0 | K86: 0 | L86: =SUM(C86:K86) -> 99.860946
A87: 81 | B87: =VLOOKUP(A87,'LISTA DE OFERENTES'!$A$4:$B$102,2,FALSE) -> CONSORCIO TIMIZA 25 | C87: =+VLOOKUP(A87,'MEDIANA VALOR ABS'!$A$11:$F$92,6,FALSE) -> 63.798685 | D87: 10 | E87: 1 | F87: 20 | G87: 1 | H87: 0.25 | I87: 0.25 | J87: 0 | K87: 0 | L87: =SUM(C87:K87) -> 96.298685 | M87: No se registra documentos de revisor fiscal en el certificado de personas con discapacidad; el certificado de empresas mujeres lo presenta la empresa con solo el 10% de participacion.
A88: 82 | B88: =VLOOKUP(A88,'LISTA DE OFERENTES'!$A$4:$B$102,2,FALSE) -> CONSORCIO INTERVIAL KENNEDY | C88: =+VLOOKUP(A88,'MEDIANA VALOR ABS'!$A$11:$F$92,6,FALSE) -> 51.143137 | D88: 10 | E88: 1 | F88: 20 | G88: 1 | H88: 0.25 | I88: 0.25 | J88: 0 | K88: 0 | L88: =SUM(C88:K88) -> 83.643137 | M88: no se encuentra el certificadode emprendimiento y mujeres
A89: 83 | B89: =VLOOKUP(A89,'LISTA DE OFERENTES'!$A$4:$B$102,2,FALSE) -> JOYCO S.A.S BIC | C89: =+VLOOKUP(A89,'MEDIANA VALOR ABS'!$A$11:$F$92,6,FALSE) -> 55.296457 | D89: 10 | E89: 1 | F89: 20 | G89: 1 | H89: 0.25 | I89: 0 | J89: 0 | K89: 0 | L89: =SUM(C89:K89) -> 87.546457
A90: 84 | B90: =VLOOKUP(A90,'LISTA DE OFERENTES'!$A$4:$B$102,2,FALSE) -> ARCA ARQUITECTURA E INGENIERÍA S.A | C90: =+VLOOKUP(A90,'MEDIANA VALOR ABS'!$A$11:$F$92,6,FALSE) -> 43.968786 | D90: 10 | E90: 1 | F90: 20 | G90: 1 | H90: 0.25 | I90: 0.25 | J90: 0 | K90: 0 | L90: =SUM(C90:K90) -> 76.468786
A91: 85 | B91: =VLOOKUP(A91,'LISTA DE OFERENTES'!$A$4:$B$102,2,FALSE) -> CONSORCIO PROES LATAM | C91: =+VLOOKUP(A91,'MEDIANA VALOR ABS'!$A$11:$F$92,6,FALSE) -> 27.619042 | D91: 10 | E91: 1 | F91: 20 | G91: 0 | H91: 0 | I91: 0.25 | J91: 0 | K91: 0 | L91: =SUM(C91:K91) -> 58.869042 | M91: no se encontro dcumentacion de emprendiminetos o mujeres y discapacitados
A92: 86 | B92: =VLOOKUP(A92,'LISTA DE OFERENTES'!$A$4:$B$102,2,FALSE) -> CONSORCIO GIS CONSERVIAL | C92: =+VLOOKUP(A92,'MEDIANA VALOR ABS'!$A$11:$F$92,6,FALSE) -> 56.150649 | D92: 10 | E92: 1 | F92: 20 | G92: 1 | H92: 0.25 | I92: 0.25 | J92: 0 | K92: 0 | L92: =SUM(C92:K92) -> 88.650649
A93: 87 | B93: =VLOOKUP(A93,'LISTA DE OFERENTES'!$A$4:$B$102,2,FALSE) -> CONSORCIO VIAL UJM | C93: =+VLOOKUP(A93,'MEDIANA VALOR ABS'!$A$11:$F$92,6,FALSE) -> 48.103865 | D93: 10 | E93: 1 | F93: 1 | G93: 1 | H93: 0.25 | I93: 0.25 | J93: 0 | K93: 0 | L93: =SUM(C93:K93) -> 61.603865
A94: 88 | B94: =VLOOKUP(A94,'LISTA DE OFERENTES'!$A$4:$B$102,2,FALSE) -> CONSORCIO MVIAL 2025 | C94: =+VLOOKUP(A94,'MEDIANA VALOR ABS'!$A$11:$F$92,6,FALSE) -> 42.66452 | D94: 10 | E94: 1 | F94: 20 | G94: 1 | H94: 0 | I94: 0.25 | J94: 0 | K94: 0 | L94: =SUM(C94:K94) -> 74.91452 | M94: NO SE OTORGA PUNTAJE PARA EMPORENDIEMIENTO Y EMPRESAS MUJERES, YA QUE NO SE INCLUYEN CERTIFICADOS DE SEGURIDAD SOCIAL DEL AÑO ANTERIOR; COMO SE SOLICITA EN EL PLIEGO DE CONDICIONES NUMERAL 4,6
A95: 89 | B95: =VLOOKUP(A95,'LISTA DE OFERENTES'!$A$4:$B$102,2,FALSE) -> CONSORCIO INTERVIAL KENNEDY GH | C95: =+VLOOKUP(A95,'MEDIANA VALOR ABS'!$A$11:$F$92,6,FALSE) -> #N/A | D95: 10 | E95: 1 | F95: 0 | G95: 1 | H95: 0.25 | I95: 0.25 | J95: 0 | K95: 0 | L95: =SUM(C95:K95) -> #N/A | M95: NO SE OTORGA PUNTAJE PARA APOYO A LA INDUSTRIANACIONAL DEBIDO A QUE NO CUMPLE EL 100% SOLICITADO
A96: 90 | B96: =VLOOKUP(A96,'LISTA DE OFERENTES'!$A$4:$B$102,2,FALSE) -> CONSORCIO ALIANZA KENNEDY 2025 | C96: =+VLOOKUP(A96,'MEDIANA VALOR ABS'!$A$11:$F$92,6,FALSE) -> 47.345463 | D96: 10 | E96: 1 | F96: 20 | G96: 1 | H96: 0.25 | I96: 0.25 | J96: 0 | K96: 0 | L96: =SUM(C96:K96) -> 79.845463
A97: 91 | B97: =VLOOKUP(A97,'LISTA DE OFERENTES'!$A$4:$B$102,2,FALSE) -> TECNUMEC SAS | C97: =+VLOOKUP(A97,'MEDIANA VALOR ABS'!$A$11:$F$92,6,FALSE) -> 58.776916 | D97: 10 | E97: 1 | F97: 0 | G97: 1 | H97: 0.25 | I97: 0.25 | J97: 0 | K97: 0 | L97: =SUM(C97:K97) -> 71.276916 | M97: NO SE OTORGA PUNTAJE PARA APOYO A LA INDUSTRIANACIONAL DEBIDO A QUE NO CUMPLE EL 100% SOLICITADO
A98: 92 | B98: =VLOOKUP(A98,'LISTA DE OFERENTES'!$A$4:$B$102,2,FALSE) -> ALIANZA INTEGRAL DE PROYECTOS SAS BIC | C98: =+VLOOKUP(A98,'MEDIANA VALOR ABS'!$A$11:$F$92,6,FALSE) -> 63.432027 | D98: 10 | E98: 1 | F98: 20 | G98: 1 | H98: 0.25 | I98: 0.25 | J98: 0 | L98: =SUM(C98:K98) -> 95.932027
A99: 93 | B99: =VLOOKUP(A99,'LISTA DE OFERENTES'!$A$4:$B$102,2,FALSE) -> UT MALLA VIAL KENNEDY 2025 | C99: =+VLOOKUP(A99,'MEDIANA VALOR ABS'!$A$11:$F$92,6,FALSE) -> 0.31191694 | D99: 10 | E99: 1 | F99: 20 | G99: 1 | H99: 0 | I99: 0.25 | J99: 0 | K99: 0 | L99: =SUM(C99:K99) -> 32.561917 | M99: NO SE OTORGA PUNTAJE PARA EMPORENDIEMIENTO Y EMPRESAS MUJERES, YA QUE NO SE INCLUYEN CERTIFICADOS DE SEGURIDAD SOCIAL DEL AÑO ANTERIOR; COMO SE SOLICITA EN EL PLIEGO DE CONDICIONES NUMERAL 4,6
A100: 94 | B100: =VLOOKUP(A100,'LISTA DE OFERENTES'!$A$4:$B$102,2,FALSE) -> CONSORCIO VIAS LOCALES AEPRO | C100: =+VLOOKUP(A100,'MEDIANA VALOR ABS'!$A$11:$F$92,6,FALSE) -> 36.344143 | D100: 10 | E100: 1 | F100: 20 | G100: 1 | H100: 0.25 | I100: 0.25 | J100: 0 | K100: 0 | L100: =SUM(C100:K100) -> 68.844143
A101: 95 | B101: =VLOOKUP(A101,'LISTA DE OFERENTES'!$A$4:$B$102,2,FALSE) -> CONSORCIO INTEGRAL KENNEDY | C101: =+VLOOKUP(A101,'MEDIANA VALOR ABS'!$A$11:$F$92,6,FALSE) -> #N/A | D101: 10 | E101: 1 | F101: 20 | G101: 0 | H101: 0.25 | I101: 0.25 | L101: =SUM(C101:K101) -> #N/A
A102: 96 | B102: =VLOOKUP(A102,'LISTA DE OFERENTES'!$A$4:$B$102,2,FALSE) -> CONSORCIO INTERVENTORÍA COANDINA | C102: =+VLOOKUP(A102,'MEDIANA VALOR ABS'!$A$11:$F$92,6,FALSE) -> 57.221189 | D102: 10 | E102: 1 | F102: 20 | G102: 1 | H102: 0.25 | I102: 0.25 | J102: 0 | K102: 0 | L102: =SUM(C102:K102) -> 89.721189
A103: 97 | B103: =VLOOKUP(A103,'LISTA DE OFERENTES'!$A$4:$B$102,2,FALSE) -> CONSORCIO GAB VIAL KENNEDY | C103: =+VLOOKUP(A103,'MEDIANA VALOR ABS'!$A$11:$F$92,6,FALSE) -> #N/A | D103: 10 | E103: 1 | F103: 20 | G103: 1 | H103: 0.25 | I103: 0.25 | J103: 0 | K103: 0 | L103: =SUM(C103:K103) -> #N/A
A104: 98 | B104: =VLOOKUP(A104,'LISTA DE OFERENTES'!$A$4:$B$102,2,FALSE) -> CONSORCIO INT CONSERVACION 2025 | C104: =+VLOOKUP(A104,'MEDIANA VALOR ABS'!$A$11:$F$92,6,FALSE) -> 63.308113 | D104: 10 | E104: 1 | F104: 20 | G104: 1 | H104: 0.25 | I104: 0.25 | J104: 0 | K104: 0 | L104: =SUM(C104:K104) -> 95.808113
A105: 99 | B105: =VLOOKUP(A105,'LISTA DE OFERENTES'!$A$4:$B$102,2,FALSE) -> CONSORCIO INTERKENNEDY 2025 | C105: =+VLOOKUP(A105,'MEDIANA VALOR ABS'!$A$11:$F$92,6,FALSE) -> #N/A | D105: 10 | E105: 1 | F105: 20 | G105: 1 | H105: 0 | I105: 0.25 | J105: 0 | K105: -1 | L105: =SUM(C105:K105) -> #N/A | M105: El consorcio no aporto informacion de emprendimiento de mujer y uno de sus integrantes reporta obras inconclusas

Sheet ORDEN ELEGIBILIDAD
A1: FONDO DE DESARROLLO LOCAL DE KENNEDY
A2: CONCURSO DE MERITOS ABIERTO FDLK-CMA-003-2025
A3: ORDEN DE ELEGIBILIDAD
A7: ORDEN DE ELEGBILIDAD | B7: No. OFERENTE | C7: OFERENTE | D7: PUNTAJE TOTAL
A8: 1 | B8: 25 | C8: =VLOOKUP(B8,'F. PONDERABLES'!$A$7:$L$105,2,FALSE) -> CONSULTORES DONOVAN S.A.S | D8: =VLOOKUP(B8,'F. PONDERABLES'!$A$7:$L$105,12,FALSE) -> 100
A9: 2 | B9: 80 | C9: =VLOOKUP(B9,'F. PONDERABLES'!$A$7:$L$105,2,FALSE) -> CONSORCIO CAS KENNEDY | D9: =VLOOKUP(B9,'F. PONDERABLES'!$A$7:$L$105,12,FALSE) -> 99.860946
A10: 3 | B10: 35 | C10: =VLOOKUP(B10,'F. PONDERABLES'!$A$7:$L$105,2,FALSE) -> IAR PROYECTOS SAS | D10: =VLOOKUP(B10,'F. PONDERABLES'!$A$7:$L$105,12,FALSE) -> 99.314112
A11: 4 | B11: 58 | C11: =VLOOKUP(B11,'F. PONDERABLES'!$A$7:$L$105,2,FALSE) -> INVELER CONSULTORIA S.A.S | D11: =VLOOKUP(B11,'F. PONDERABLES'!$A$7:$L$105,12,FALSE) -> 99.000901
A12: 5 | B12: 56 | C12: =VLOOKUP(B12,'F. PONDERABLES'!$A$7:$L$105,2,FALSE) -> CONSORCIO INTERVIAS KENNEDY 03 | D12: =VLOOKUP(B12,'F. PONDERABLES'!$A$7:$L$105,12,FALSE) -> 98.920038
A13: 6 | B13: 52 | C13: =VLOOKUP(B13,'F. PONDERABLES'!$A$7:$L$105,2,FALSE) -> CONSORCIO CGR KENNEDY. | D13: =VLOOKUP(B13,'F. PONDERABLES'!$A$7:$L$105,12,FALSE) -> 98.857357
A14: 7 | B14: 26 | C14: =VLOOKUP(B14,'F. PONDERABLES'!$A$7:$L$105,2,FALSE) -> CONSORCIO KENNEDY JINT 3 | D14: =VLOOKUP(B14,'F. PONDERABLES'!$A$7:$L$105,12,FALSE) -> 98.846591
A15: 8 | B15: 74 | C15: =VLOOKUP(B15,'F. PONDERABLES'!$A$7:$L$105,2,FALSE) -> CONSORCIO INTERVIAL GINPROSA. | D15: =VLOOKUP(B15,'F. PONDERABLES'!$A$7:$L$105,12,FALSE) -> 98.673236
A16: 9 | B16: 21 | C16: =VLOOKUP(B16,'F. PONDERABLES'!$A$7:$L$105,2,FALSE) -> HMV SOLUCIONES SAS | D16: =VLOOKUP(B16,'F. PONDERABLES'!$A$7:$L$105,12,FALSE) -> 97.818593
A17: 10 | B17: 75 | C17: =VLOOKUP(B17,'F. PONDERABLES'!$A$7:$L$105,2,FALSE) -> CONSORCIO INTERVIAL CAPITAL | D17: =VLOOKUP(B17,'F. PONDERABLES'!$A$7:$L$105,12,FALSE) -> 97.685813
A18: 11 | B18: 9 | C18: =VLOOKUP(B18,'F. PONDERABLES'!$A$7:$L$105,2,FALSE) -> CONSORCIO KENNEDY003 | D18: =VLOOKUP(B18,'F. PONDERABLES'!$A$7:$L$105,12,FALSE) -> 97.427313
A19: 12 | B19: 50 | C19: =VLOOKUP(B19,'F. PONDERABLES'!$A$7:$L$105,2,FALSE) -> BB CONSULTORA SAS | D19: =VLOOKUP(B19,'F. PONDERABLES'!$A$7:$L$105,12,FALSE) -> 97.032083
... A89: 82 | B89: 13 | C89: =VLOOKUP(B89,'F. PONDERABLES'!$A$7:$L$105,2,FALSE) -> UNIOBRAS DEL ORIENTE SAS | D89: =VLOOKUP(B89,'F. PONDERABLES'!$A$7:$L$105,12,FALSE) -> 12.5
